 Dungeon Crawl Stone Soup version 0.30-a0-165-g1891117ce2 (webtiles) character file.

Game seed: 4584533804527302891

506957 qw the Slayer (level 25, -11/179 HPs)
             Began as a Gargoyle Fighter on Sept 28, 2022.
             Was a High Priest of Okawaru.
             Mangled by a green draconian
             ... wielding a +0 glaive
              (30 damage)
             ... on level 1 of the Realm of Zot.
             The game lasted 00:27:56 (54685 turns).

qw the Slayer (Gargoyle Fighter)                   Turns: 54685, Time: 00:27:57

Health: -11/179    AC: 55    Str: 36    XL:     25   Next: 2%
Magic:  30/30      EV: 20    Int: 14    God:    Okawaru [*****.]
Gold:   4195       SH: 30    Dex:  7    Spells: 24/24 levels left

rFire   + . .      SeeInvis +    Y - +8 broad axe (venom)
rCold   + + +      Faith    .    D - +2 tower shield of Responsibility {Dex+2 SInv}
rNeg    + . .      Spirit   .    J - +8 plate armour "Ojofuat" {rC+}
rPois   inf        Reflect  +    g - +0 helmet of Okawaru's Generosity {rF+ Int+4 Dex-4}
rElec   +          Harm     .    l - +2 cloak
rCorr   .          Rampage  .    y - +2 pair of gloves
Will    +....                    i - +1 pair of boots "Paduacw" {rPois}
Stlth   ..........               B - amulet of reflection
HPRegen 0.39/turn                q - ring of Zever {Fly EV+4 Str+5}
MPRegen 0.22/turn                w - ring of Pimyej {rC++ EV+4}

@: about to teleport, heroic, corroded, flying, slowed, very slow
A: sickness immunity, AC +19, big wings, negative energy resistance 1,
electricity resistance, torment resistance 1, petrification resistance
}: 3/15 runes: decaying, silver, gossamer
a: Renounce Religion, Heroism, Finesse, Duel


You were on level 1 of the Realm of Zot.
You worshipped Okawaru.
Okawaru was extremely pleased with you.
You visited 9 branches of the dungeon, and saw 41 of its levels.
You visited the Abyss 3 times.
You also visited: Gauntlet.

You collected 5887 gold pieces.
You spent 1692 gold pieces at shops.


Innate Abilities, Weirdness & Mutations

You are immune to sickness and miasma.
Your stone body is resilient. (AC +19)
You are immune to poison.
Your large and strong wings let you fly.
You resist negative energy. (rN+)
You are resistant to electric shocks. (rElec)
You are resistant to unholy torment.
You are immune to petrification.


   Skills:
 - Level 24.2(27) Fighting
 - Level 18.0(23.0) Axes
 + Level 12.3(17.3) Throwing
 - Level 22.0(27) Armour
 - Level 8.0(13.0) Dodging
 - Level 22.0(27) Shields
 - Level 10.0 Invocations


You had 24 spell levels left.
You didn't know any spells.
Your spell library was empty.

Inventory:

Hand Weapons
 Y - a +8 broad axe of venom (weapon)
Missiles
 n - 47 boomerangs
 F - 2 silver javelins
 H - 4 javelins (quivered)
Armour
 a - a +2 helmet
 b - the +0 pair of boots of Wikuwuus {rElec rF- rC+}
   (You acquired it on level 2 of the Spider Nest)

   rF:        It makes you vulnerable to fire.
   rC:        It protects you from cold.
   rElec:     It insulates you from electricity.
 c - +0 acid dragon scales
 g - the +0 helmet of Okawaru's Generosity (worn) {rF+ Int+4 Dex-4}
   (Okawaru gifted it to you on level 13 of the Dungeon)

   Int:       It affects your intelligence (+4).
   Dex:       It affects your dexterity (-4).
   rF:        It protects you from fire.
 i - the +1 pair of boots "Paduacw" (worn) {rPois}
   (Okawaru gifted it to you on level 3 of the Lair of Beasts)

   rPois:     It protects you from poison.
 l - a +2 cloak (worn)
 p - the +0 pair of boots "Vunu" {Harm Will+}
   (Okawaru gifted it to you on level 3 of the Vaults)

   Harm:      It increases damage dealt and taken.
   Will:      It increases your willpower.
 y - a +2 pair of gloves (worn)
 A - +0 gold dragon scales
 D - the +2 tower shield of Responsibility (worn) {Dex+2 SInv}
   (Okawaru gifted it to you on level 15 of the Dungeon)

   Dex:       It affects your dexterity (+2).
   SInv:      It lets you see invisible.
 E - a +9 plate armour of ponderousness
 I - the +4 tower shield of Sisueh {Str+2}
   (Okawaru gifted it to you on level 4 of the Spider Nest)

   Str:       It affects your strength (+2).
 J - the +8 plate armour "Ojofuat" (worn) {rC+}
   (You found it on level 5 of the Vaults)

   rC:        It protects you from cold.
Jewellery
 m - a ring of resist corrosion
 q - the ring of Zever (left hand) {Fly EV+4 Str+5}
   (You found it in a Gauntlet)

   [ring of evasion]

   EV:        It affects your evasion (+4).
   Str:       It affects your strength (+5).
   Fly:       It grants you flight.
 v - the amulet of Mistrust {Faith rC++}
   (You bought it in a shop on level 2 of the Orcish Mines)

   [amulet of faith]

   It allows you to gain divine favour quickly.
   rC:        It greatly protects you from cold.
 w - the ring of Pimyej (right hand) {rC++ EV+4}
   (You found it in a Gauntlet)

   [ring of evasion]

   EV:        It affects your evasion (+4).
   rC:        It greatly protects you from cold.
 B - an amulet of reflection (around neck)
 C - a ring of resist corrosion
 G - a ring of protection from fire
Scrolls
 e - 3 scrolls of teleportation
 h - 15 scrolls of identify
Potions
 d - 10 potions of might
 f - 5 potions of lignification
 j - 11 potions of mutation
 k - 7 potions of haste
 o - 14 potions of curing
 r - 5 potions of cancellation
 u - 5 potions of magic
 x - 2 potions of heal wounds
 z - 5 potions of attraction

Dungeon Overview and Level Annotations

Branches:
Dungeon (15/15)            Temple (1/1) D:4            Lair (5/5) D:11
  Swamp (4/4) Lair:3       Spider (4/4) Lair:2        Slime (0/5) Lair:4
    Orc (2/2) D:9             Elf (0/3) Orc:2        Vaults (5/5) D:14
  Crypt (0/3) Vaults:3     Depths (4/4) D:15            Zot (1/5) Depths:4
Gauntlet (visited)

Altars:
Ashenzari
Cheibriados
Dithmenos
Elyvilon
Fedhas
Gozag
Hepliaklqana
Kikubaaqudgha
Makhleb
Nemelex Xobeh
Okawaru
Qazlal
Ru
Sif Muna
Trog
Uskayaw
Vehumet
Wu Jian
Xom
Yredelemnul
Zin
The Shining One
Jiyva
Lugonu

Shops:
Orc:1 !:?:   Orc:2 ([=*   Vaults:2 (   Vaults:5 ?   Depths:2 :=:

Portals:
Hell: Depths:1 Depths:2 Depths:3 Depths:4
Abyss: Lair:5 Swamp:3 Depths:3
Pandemonium: Depths:2 Depths:3
Ziggurat: Depths:1

Annotations:
D:3 2 runed translucent doors, qw's ghost, weakling GrFi
Swamp:2 3 runed translucent doors, KCGemini's ghost, journeyman FeBe
Swamp:3 2 transporters, qw's ghost, adept GrFi
Spider:3 1 runed translucent door, Vuykkinei's ghost, adept TrBe
Spider:4 2 runed translucent doors, cfbundy's ghost, adept FoFi
Depths:4 3 runed translucent doors, qw's ghost, veteran GrFi


Message History

The green draconian hits you from afar with a +0 glaive.
The black draconian knight hits you but does no damage.
The white draconian rages.
The storm dragon misses you. The storm dragon closely misses you.
You block the storm dragon's attack.
The death cob hits you but does no damage.
The green draconian monk hits you but does no damage.
The green draconian monk completely misses you.
You block the green draconian monk's attack.
The green draconian monk tail-slaps you but does no damage.
The black draconian knight hits you from afar with a +0 bardiche!
The green draconian hits you but does no damage.
The purple draconian closely misses you.
The shadow dragon bites you.
The shadow dragon claws you but does no damage.
The shadow dragon barely misses you.
The green draconian monk rages.
The moth of wrath goads the shadow dragon on!
The shadow dragon goes berserk!
The moth of wrath goads the white draconian on!
The white draconian goes berserk!
54685 ||| READING 4 scrolls of teleportation.
As you read the scroll of teleportation, it crumbles to dust.
You feel strangely unstable.
You feel the Orb delaying your translocation!
You block the death cob's attack.
The storm dragon bites you but does no damage.
You block the storm dragon's attack. x2; The storm dragon bites you!
The storm dragon completely misses you. You block the storm dragon's attack.
You block the death cob's attack.
The green draconian monk closely misses you.
You block the green draconian monk's attack.
The green draconian monk tail-slaps you but does no damage. x2
The black draconian knight hits you but does no damage.
The storm dragon closely misses you. The storm dragon misses you. x2
The shadow dragon completely misses you.
The shadow dragon barely misses you.
The shadow dragon claws you but does no damage.
The green draconian hits you from afar with a +0 glaive!!
You die...

0d.. .... ¤~...#
..... ~¤..¤#
#.... ~¤¤..#
#...0 ¤¤~¤.#
#.zy# ~¤¤d.##
.###.dq##¤¤¤¤..#
.....qdz#D¤~¤q..
.....dqq@#
.....ydDDd¤~~~..
#......dd.¤~¤¤~.
##....###.¤.¤~¤~
#.... #.¤.¤~~
...... #.....
...... ....# ...
....#


You could see a shadow dragon (berserk), 2 draconians, a black draconian knight
(fast, invisible, corroded), 2 storm dragons, a yellow draconian (berserk), 2
draconians, a purple draconian (extremely poisoned), a red draconian (berserk),
2 draconians, a curse toe, a death cob, a red draconian scorcher and 2 moths of
wrath.

Vanquished Creatures
  An ancient lich (Vaults:5)
  Sojobo (Depths:2)
  the Lernaean hydra (Swamp:4)
  Bai Suzhen (Spider:4)
  Margery (Vaults:3)
  Saint Roka (Vaults:3)
  Frederick (Vaults:4)
  Nikola (Vaults:1)
  6 golden dragons
  Jory (Vaults:4)
  A hellephant (Abyss:3)
  7 tentacled monstrosities
  A titan (Vaults:5)
  3 liches
  Rupert (D:13)
  Asterion (Spider:2)
  2 walking frostbound tomes (Depths:2)
  A kraken (Abyss:3)
  9 sphinxes
  8 tentacled starspawn (Abyss:3)
  7 storm dragons
  Gastronok (D:10)
  2 tengu reavers (Depths:2)
  4 shadow dragons
  A draconian monk (Zot:1)
  2 draconian knights (Depths:4)
  12 fire giants
  7 frost giants
  A fenstrider witch (Swamp:3)
  5 emperor scorpions
  Louise (Spider:2)
  A deep elf sorcerer (Vaults:3)
  4 iron dragons
  6 ghost moths
  3 spectral caustic shrikes (Depths:2)
  A draconian scorcher (Zot:1)
  20 vault wardens
  3 orc warlords
  A draconian annihilator (Depths:4)
  8 war gargoyles
  20 stone giants
  5 spriggan defenders
  25 ironbound preservers
  7 broodmothers
  10 ironbound thunderhulks
  24 very ugly things
  A deep elf demonologist (Vaults:5)
  An eleionoma (Swamp:4)
  A green draconian (Zot:1)
  A black draconian (Depths:4)
  A minotaur (Gauntlet)
  10 dire elephants
  A deep elf annihilator (Vaults:5)
  2 purple draconians
  2 white draconians (Zot:1)
  4 spark wasps
  3 red draconians
  5 bunyips
  Snorg (Lair:5)
  A blizzard demon (Depths:1)
  2 yellow draconians (Zot:1)
  2 merfolk javelineers
  A green death (Depths:2)
  5 fire dragons
  7 ettins
  6 entropy weavers
  A crystal guardian (Vaults:4)
  16 yaktaur captains
  2 deep elf high priests
  9 ice dragons
  5 great orbs of eyes
  42 vault guards
  A salamander tyrant (Depths:2)
  6 peacekeepers
  A hell beast (Depths:1)
  7 spriggan air magi
  2 ogre magi
  18 hydras
  Erica (Lair:2)
  9 centaur warriors
  3 jorogumos
  Fannar (Lair:3)
  8 two-headed ogres
  A jorogumo (shapeshifter) (Abyss:3)
  6 radroaches
  A catoblepas (Lair:3)
  2 ghost crabs
  3 alligators
  4 boulder beetles
  11 death yaks
  A satyr (shapeshifter) (Vaults:4)
  9 ironbound frosthearts
  4 tengu warriors
  9 thrashing horrors
  8 deep troll shamans
  6 spriggan berserkers
  3 vampire magi
  5 hell hogs
  13 deep troll earth magi
  19 hell knights
  3 sun demons (Depths:3)
  An orc high priest (Orc:2)
  A wretched star (Abyss:3)
  Amaemon (Lair:3)
  2 soul eaters
  6 pharaoh ants
  3 goliath frogs
  A sun moth (Spider:2)
  3 sixfirhies
  A death drake (shapeshifter) (Vaults:5)
  6 shadow wraiths (Depths:3)
  4 skeletal warriors (D:14)
  4 iron trolls
  A sea snake (shapeshifter) (Vaults:5)
  Lodul (D:13)
  4 steelbarb worms
  12 orb spiders
  2 spriggan druids
  74 deep trolls
  A glowing orange brain (Gauntlet)
  12 starcursed masses (Abyss:3)
  8 flayed ghosts
  10 bog bodies
  10 swamp dragons
  11 wizards
  14 ironbound convokers
  15 lindwurms
  4 deep elf pyromancers
  11 necromancers
  25 orc knights
  An oklob plant (Lair:4)
  4 phantasmal warriors
  4 orc sorcerers
  A mana viper (shapeshifter) (Depths:4)
  18 wolf spiders
  5 will-o-the-wisps
  A manticore (D:14)
  4 salamanders
  A stone giant skeleton (Vaults:1)
  2 worldbinders (Abyss:3)
  3 black mambas
  65 ugly things
  4 cyclopes
  4 moths of wrath (Spider:4)
  A rust devil (Depths:2)
  A moth of wrath (shapeshifter) (Vaults:4)
  14 vault sentinels
  4 elephants
  2 elephants (shapeshifter)
  A gargoyle (D:12)
  6 torpor snails
  2 orange demons
  7 smoke demons
  6 cane toads
  2 hellions (Depths:3)
  An unseen horror (D:12)
  4 demonic crawlers
  54 yaktaurs
  A rime drake (Lair:5)
  3 efreet (D:15)
  6 komodo dragons
  A freezing wraith (Vaults:5)
  2 yaktaur skeletons (Vaults:1)
  4 tengu conjurers
  2 hellwings
  A red devil (Depths:3)
  5 ancient zymes
  A meliai (Spider:4)
  2 ice devils
  19 hornets
  A meliai (shapeshifter) (Depths:4)
  A bloated husk (Swamp:3)
  3 polar bears
  6 trolls
  11 tyrant leeches
  12 slime creatures
  35 tarantellas
  A frost giant simulacrum (Vaults:1)
  11 raiju (Abyss:3)
  A stone giant simulacrum (Vaults:1)
  An elf skeleton (Vaults:1)
  23 blink frogs
  9 water elementals (Depths:3)
  34 jumping spiders
  19 spriggans
  A culicivora (shapeshifter) (Lair:5)
  23 culicivoras
  An air elemental (Abyss:3)
  6 wraiths
  An ettin skeleton (Vaults:1)
  A wyvern (shapeshifter) (Vaults:5)
  2 ynoxinuls
  A yak (shapeshifter) (D:14)
  5 fire bats
  A spriggan (shapeshifter) (Vaults:5)
  8 shadows
  A basilisk (shapeshifter) (D:15)
  2 neqoxecs (Abyss:3)
  2 golden eyes (shapeshifter)
  2 wyverns
  52 yaks
  10 large abominations
  13 vampire mosquitoes
  11 basilisks
  A redback (shapeshifter) (Depths:2)
  31 redbacks
  2 steam dragons
  3 chaos spawn
  3 acid dragons
  8 wargs
  17 swamp worms
  A glowing shapeshifter zombie (Vaults:1)
  10 water moccasins
  A floating eye (shapeshifter) (Vaults:4)
  57 orc warriors
  2 black bears
  2 ice beasts (D:5)
  8 swamp drakes
  3 sky beasts
  4 wolves (Lair:3)
  5 boggarts (Vaults:2)
  18 ogres
  14 centaurs
  3 phantoms
  4 kobold brigands
  12 bullfrogs
  2 scorpions
  A gnoll sergeant (D:9)
  14 small abominations
  3 wights (D:10)
  20 killer bees
  2 troll zombies (D:9)
  A human simulacrum (Vaults:1)
  A vampire bat (Lair:5)
  2 howler monkeys (D:14)
  8 electric eels
  A quasit (Abyss:3)
  7 hounds
  3 jellies
  19 orc priests
  4 iguanas
  21 orc wizards
  4 ogre zombies (D:9)
  11 gnolls
  9 adders
  8 white imps
  2 ufetubi
  A worm (D:3)
  99 orcs
  3 ball pythons
  11 endoplasms
  4 giant cockroaches
  6 goblins
  6 hobgoblins
  3 jackals (D:2)
  25 kobolds
  3 quokkas
  10 bats
  2 frilled lizards
  4 goblin skeletons (D:9)
  A hobgoblin skeleton (D:9)
  A hobgoblin zombie (D:9)
  2 orc skeletons (D:9)
  10 orc zombies (D:9)
  3 rats
  A fire vortex (Depths:3)
  12 starspawn tentacles (Abyss:3)
1914 creatures vanquished.

Vanquished Creatures (others)
  A deep elf pyromancer (D:15)
  2 bushes (D:9)
  20 foxfires
  19 fungi
  A lurking horror (Abyss:3)
  41 plants
  9 starspawn tentacles (Abyss:3)
  2 tentacles (Abyss:3)
95 creatures vanquished.

Grand Total: 2009 creatures vanquished

Notes
Turn   | Place    | Note
-------+----------+-------------------------------------------
     0 | D:1      | qw the Gargoyle Fighter began the quest for the Orb.
     0 | D:1      | Reached XP level 1. HP: 14/14 MP: 1/1
     0 | D:1      | 0 ||| qw: Version: 0.2-a-12-gaebbb33
     0 | D:1      | 0 ||| qw: Game counter: 881
     0 | D:1      | 0 ||| qw: Always use a shield: true
     0 | D:1      | 0 ||| qw: God list: Okawaru
     0 | D:1      | 0 ||| qw: Allow faded altars: false
     0 | D:1      | 0 ||| qw: Do Orc after D:15 true
     0 | D:1      | 0 ||| qw: Do second Lair branch before Depths: true
     0 | D:1      | 0 ||| qw: Lair rune preference: random
     0 | D:1      | 0 ||| qw: Plans: Normal, Zot:1-4, God:TSO, Crypt, Tomb,
                  | Pan, Slime:5, Hells, Abyss, Orb
     0 | D:1      | 0 ||| PLANNING D:1-11
   298 | D:1      | Reached XP level 2. HP: 19/19 MP: 2/2
   670 | D:1      | 670 ||| UPGRADING to +0 cloak.
   675 | D:1      | 675 ||| UPGRADING to amulet of regeneration.
   680 | D:1      | 680 ||| READING scroll labelled PEDADD MEGGIARI.
   681 | D:1      | 681 ||| READING scroll labelled LUIW ROSSEUP.
   682 | D:1      | 682 ||| READING scroll labelled INYOVIPRAY.
   683 | D:1      | 683 ||| READING scroll labelled OKLULLITISI.
   797 | D:2      | 797 ||| Stepping ~*~*~tactically~*~*~ (stealth).
   843 | D:2      | 843 ||| Stepping ~*~*~tactically~*~*~ (stealth).
   844 | D:2      | 844 ||| Stepping ~*~*~tactically~*~*~ (stealth).
   845 | D:2      | 845 ||| Stepping ~*~*~tactically~*~*~ (stealth).
   850 | D:2      | Reached skill level 3 in Axes
   927 | D:2      | Reached XP level 3. HP: 23/23 MP: 3/3
   967 | D:2      | 967 ||| Stepping ~*~*~tactically~*~*~ (stealth).
  1107 | D:2      | You fall into a shaft and drop 2 floors!
  1114 | D:4      | Found a sacrificial altar of Ru.
  1137 | D:4      | 1137 ||| Stepping ~*~*~tactically~*~*~ (stealth).
  1141 | D:4      | 1141 ||| Stepping ~*~*~tactically~*~*~ (stealth).
  1156 | D:4      | Reached XP level 4. HP: 27/28 MP: 4/4
  1338 | D:4      | Noticed a phantom
  1347 | D:4      | Killed a phantom
  1348 | D:4      | Reached XP level 5. HP: 30/32 MP: 5/5
  1370 | D:4      | 1370 ||| UPGRADING to +0 pair of boots.
  1375 | D:4      | 1375 ||| READING scroll labelled GULADE ZAZ IFA.
  1382 | D:4      | 1382 ||| READING scroll labelled SYESAWOUGH.
  1385 | D:4      | 1385 ||| DRINKING 2 fizzy blue potions.
  1386 | D:4      | 1386 ||| DRINKING 2 blue potions.
  1387 | D:4      | 1387 ||| DRINKING 2 fuming grey potions.
  1388 | D:4      | 1388 ||| READING 3 scrolls of identify.
  1388 | D:4      | 1388 ||| IDENTIFYING amethyst potion
  1389 | D:4      | 1389 ||| READING 2 scrolls of identify.
  1389 | D:4      | 1389 ||| IDENTIFYING clear potion
  1390 | D:4      | 1390 ||| DROPPING potion of invisibility.
  1391 | D:4      | 1391 ||| DROPPING potion of magic.
  1392 | D:4      | 1392 ||| DROPPING potion of degeneration.
  1419 | D:4      | Found a staircase to the Ecumenical Temple.
  1420 | D:4      | 1420 ||| PLANNING TEMPLE
  1463 | Temple   | Entered the Ecumenical Temple
  1467 | Temple   | 1467 ||| PLANNING OKAWARU WORSHIP
  1648 | Temple   | Became a worshipper of Warmaster Okawaru
  1649 | Temple   | 1649 ||| PLANNING D:1-11
  1744 | D:4      | 1744 ||| DROPPING ring of flight.
  1745 | D:4      | 1745 ||| READING scroll labelled GINYUM YTAAFO.
  1746 | D:4      | 1746 ||| READING scroll labelled XEHAIR ZIROT.
  1747 | D:4      | 1747 ||| READING 3 scrolls of identify.
  1747 | D:4      | 1747 ||| IDENTIFYING bubbling silvery potion
  1748 | D:4      | 1748 ||| DROPPING potion of flight.
  1892 | D:3      | 1892 ||| UPGRADING to +0 helmet.
  1897 | D:3      | 1897 ||| UPGRADING to +0 pair of gloves.
  1902 | D:3      | 1902 ||| READING 2 scrolls of identify.
  1902 | D:3      | 1902 ||| IDENTIFYING green potion
  1980 | D:2      | Reached skill level 4 in Fighting
  2021 | D:2      | Found a faded altar of an unknown god.
  2059 | D:2      | 2059 ||| READING scroll labelled JOILOK LURYING.
  2073 | D:3      | Found a bloodstained altar of Trog.
  2156 | D:3      | Found a shimmering altar of Xom.
  2196 | D:3      | Found a large runed translucent door.
  2196 | D:3      | Found a large runed translucent door.
  2196 | D:3      | Noticed qw's ghost (weakling GrFi)
  2198 | D:3      | Reached XP level 6. HP: 38/38 MP: 6/6
  2200 | D:3      | Noticed a black bear
  2210 | D:3      | Killed a black bear
  2975 | D:3      | 2975 ||| READING scroll labelled KYS UMOEHOCINNAR.
  2976 | D:3      | 2976 ||| READING 3 scrolls of identify.
  2976 | D:3      | 2976 ||| IDENTIFYING black potion
  3009 | D:4      | 3009 ||| Stepping ~*~*~tactically~*~*~ (stealth).
  3011 | D:4      | 3011 ||| Stepping ~*~*~tactically~*~*~ (hiding).
  3032 | D:4      | 3032 ||| DROPPING +0 whip.
  3252 | D:5      | Entered Level 5 of the Dungeon
  3271 | D:5      | Found a stormy altar of Qazlal.
  3285 | D:5      | Noticed an ice beast
  3298 | D:5      | Killed an ice beast
  3299 | D:5      | Reached skill level 6 in Axes
  3299 | D:5      | Reached XP level 7. HP: 43/43 MP: 7/7
  3300 | D:5      | 3300 ||| DROPPING +2 mace of holy wrath.
  3361 | D:5      | Reached * piety under Okawaru
  3384 | D:5      | 3384 ||| INVOKING Heroism.
  3391 | D:5      | 3391 ||| INVOKING Heroism.
  3392 | D:5      | 3392 ||| INVOKING Heroism.
  3393 | D:5      | 3393 ||| INVOKING Heroism.
  3432 | D:5      | 3432 ||| INVOKING Heroism.
  3439 | D:5      | Reached skill level 1 in Invocations
  3519 | D:5      | 3519 ||| INVOKING Heroism.
  3528 | D:5      | Reached XP level 8. HP: 48/48 MP: 7/9
  3725 | D:5      | 3725 ||| Stepping ~*~*~tactically~*~*~ (stealth).
  3728 | D:5      | 3728 ||| INVOKING Heroism.
  3762 | D:5      | Reached skill level 3 in Invocations
  3841 | D:5      | 3841 ||| INVOKING Heroism.
  3847 | D:5      | Reached skill level 5 in Fighting
  4008 | D:5      | 4008 ||| READING scroll labelled REFEJA XAKOCOXAW.
  4009 | D:5      | 4009 ||| READING scroll labelled WIYSYLO TAOSY.
  4010 | D:5      | 4010 ||| READING 5 scrolls of identify.
  4010 | D:5      | 4010 ||| IDENTIFYING bubbling emerald potion
  4039 | D:6      | Identified the +4 flail "Juamael" {pain, Str+4}
  4041 | D:6      | 4041 ||| DROPPING +0 flail.
  4057 | D:6      | 4057 ||| Stepping ~*~*~tactically~*~*~ (hiding).
  4059 | D:6      | 4059 ||| Stepping ~*~*~tactically~*~*~ (hiding).
  4060 | D:6      | 4060 ||| Stepping ~*~*~tactically~*~*~ (hiding).
  4061 | D:6      | 4061 ||| Stepping ~*~*~tactically~*~*~ (hiding).
  4080 | D:6      | 4080 ||| Stepping ~*~*~tactically~*~*~ (stealth).
  4087 | D:6      | 4087 ||| Stepping ~*~*~tactically~*~*~ (stealth).
  4097 | D:6      | 4097 ||| INVOKING Heroism.
  4104 | D:6      | 4104 ||| Stepping ~*~*~tactically~*~*~ (stealth).
  4137 | D:6      | Found a blossoming altar of Fedhas.
  4162 | D:6      | 4162 ||| INVOKING Heroism.
  4195 | D:6      | 4195 ||| READING scroll of brand weapon.
  4195 | D:6      | 4195 ||| BRANDING +1 war axe of freezing.
  4225 | D:6      | 4225 ||| Stepping ~*~*~tactically~*~*~ (hiding).
  4228 | D:6      | 4228 ||| INVOKING Heroism.
  4234 | D:6      | 4234 ||| DRINKING 4 potions of curing.
  4234 | D:6      | 4234 ||| (to cure confusion)
  4246 | D:6      | Reached ** piety under Okawaru
  4271 | D:6      | Reached skill level 6 in Fighting
  4284 | D:6      | 4284 ||| Stepping ~*~*~tactically~*~*~ (stealth).
  4292 | D:6      | 4292 ||| Stepping ~*~*~tactically~*~*~ (stealth).
  4303 | D:6      | Reached skill level 1 in Throwing
  4303 | D:6      | Reached XP level 9. HP: 55/55 MP: 12/12
  4372 | D:6      | 4372 ||| INVOKING Heroism.
  4400 | D:6      | 4400 ||| INVOKING Heroism.
  4401 | D:6      | 4401 ||| Stepping ~*~*~tactically~*~*~ (stealth).
  4404 | D:6      | 4404 ||| Stepping ~*~*~tactically~*~*~ (stealth).
  4408 | D:6      | 4408 ||| Stepping ~*~*~tactically~*~*~ (stealth).
  4427 | D:6      | 4427 ||| Stepping ~*~*~tactically~*~*~ (stealth).
  4483 | D:6      | 4483 ||| INVOKING Heroism.
  4804 | D:5      | Found a hazy altar of Hepliaklqana.
  4804 | D:5      | Found a burning altar of Makhleb.
  4888 | D:7      | 4888 ||| Stepping ~*~*~tactically~*~*~ (stealth).
  4892 | D:7      | 4892 ||| INVOKING Heroism.
  4898 | D:7      | Reached skill level 9 in Axes
  4967 | D:7      | 4967 ||| Stepping ~*~*~tactically~*~*~ (hiding).
  4969 | D:7      | 4969 ||| Stepping ~*~*~tactically~*~*~ (hiding).
  4970 | D:7      | 4970 ||| INVOKING Heroism.
  4973 | D:7      | 4973 ||| Stepping ~*~*~tactically~*~*~ (hiding).
  5235 | D:7      | 5235 ||| Stepping ~*~*~tactically~*~*~ (stealth).
  5337 | D:7      | 5337 ||| INVOKING Heroism.
  5340 | D:7      | Reached skill level 7 in Fighting
  5398 | D:7      | 5398 ||| Stepping ~*~*~tactically~*~*~ (stealth).
  5400 | D:7      | 5400 ||| Stepping ~*~*~tactically~*~*~ (stealth).
  5413 | D:7      | Reached *** piety under Okawaru
  5415 | D:7      | 5415 ||| INVOKING Heroism.
  5578 | D:7      | 5578 ||| UPGRADING to +0 chain mail.
  5580 | D:7      | 5580 ||| Stepping ~*~*~tactically~*~*~ (cloud).
  5581 | D:7      | 5581 ||| Stepping ~*~*~tactically~*~*~ (cloud).
  5582 | D:7      | 5582 ||| UPGRADING to +0 chain mail.
  5583 | D:7      | 5583 ||| INVOKING Heroism.
  5618 | D:7      | 5618 ||| UPGRADING to +0 chain mail.
  5628 | D:7      | 5628 ||| DROPPING +0 scale mail.
  5754 | D:7      | 5754 ||| READING scroll labelled SUNNIFULLE.
  5755 | D:7      | 5755 ||| READING 6 scrolls of identify.
  5755 | D:7      | 5755 ||| IDENTIFYING cyan potion
  5756 | D:7      | 5756 ||| DROPPING potion of brilliance.
  5854 | D:8      | 5854 ||| Stepping ~*~*~tactically~*~*~ (stealth).
  5855 | D:8      | 5855 ||| Stepping ~*~*~tactically~*~*~ (stealth).
  5857 | D:8      | 5857 ||| Stepping ~*~*~tactically~*~*~ (stealth).
  5861 | D:8      | 5861 ||| Stepping ~*~*~tactically~*~*~ (stealth).
  5863 | D:8      | 5863 ||| INVOKING Heroism.
  5868 | D:8      | 5868 ||| Stepping ~*~*~tactically~*~*~ (stealth).
  5880 | D:8      | 5880 ||| Stepping ~*~*~tactically~*~*~ (stealth).
  5884 | D:8      | Reached skill level 6 in Armour
  5884 | D:8      | Reached XP level 10. HP: 63/63 MP: 13/13
  5896 | D:8      | 5896 ||| INVOKING Heroism.
  5962 | D:8      | Noticed a two-headed ogre
  5963 | D:8      | 5963 ||| INVOKING Heroism.
  5970 | D:8      | Killed a two-headed ogre
  5970 | D:8      | Reached **** piety under Okawaru
  5971 | D:8      | Reached skill level 8 in Fighting
  6098 | D:8      | Found a shimmering blue altar of Sif Muna.
  6201 | D:8      | 6201 ||| UPGRADING to +6 ring of dexterity.
  6202 | D:8      | 6202 ||| READING 5 scrolls of identify.
  6202 | D:8      | 6202 ||| IDENTIFYING coppery potion
  6203 | D:8      | 6203 ||| DROPPING potion of berserk rage.
  6277 | D:9      | 6277 ||| INVOKING Heroism.
  6288 | D:9      | 6288 ||| DRINKING 3 potions of curing.
  6288 | D:9      | 6288 ||| (to cure confusion)
  6303 | D:9      | 6303 ||| INVOKING Heroism.
  6309 | D:9      | 6309 ||| Stepping ~*~*~tactically~*~*~ (stealth).
  6379 | D:9      | 6379 ||| Stepping ~*~*~tactically~*~*~ (stealth).
  6380 | D:9      | 6380 ||| Stepping ~*~*~tactically~*~*~ (stealth).
  6381 | D:9      | 6381 ||| Stepping ~*~*~tactically~*~*~ (stealth).
  6382 | D:9      | 6382 ||| Stepping ~*~*~tactically~*~*~ (stealth).
  6385 | D:9      | Found a staircase to the Orcish Mines.
  6389 | D:9      | 6389 ||| INVOKING Heroism.
  6460 | D:9      | 6460 ||| Stepping ~*~*~tactically~*~*~ (stealth).
  6472 | D:9      | 6472 ||| Stepping ~*~*~tactically~*~*~ (stealth).
  6479 | D:9      | 6479 ||| Stepping ~*~*~tactically~*~*~ (stealth).
  6536 | D:9      | 6536 ||| INVOKING Heroism.
  6545 | D:9      | Reached skill level 6 in Invocations
  6590 | D:9      | Identified the +6 whip "Ozud" {drain, Str+4 Int+2}
  6659 | D:9      | 6659 ||| INVOKING Heroism.
  6720 | D:9      | 6720 ||| Stepping ~*~*~tactically~*~*~ (hiding).
  6721 | D:9      | 6721 ||| Stepping ~*~*~tactically~*~*~ (hiding).
  6907 | D:9      | Identified the +4 falchion of Ubusch {chaos, *Corrode
                  | +Blink Str+2 Dex+5}
  6973 | D:9      | Received a gift from Okawaru
  6979 | D:9      | Noticed a two-headed ogre
  6980 | D:9      | 6980 ||| INVOKING Heroism.
  6986 | D:9      | Killed a two-headed ogre
  6987 | D:9      | Reached XP level 11. HP: 68/69 MP: 12/16
  7173 | D:9      | 7173 ||| INVOKING Heroism.
  7244 | D:9      | 7244 ||| UPGRADING to +0 plate armour.
  7254 | D:9      | 7254 ||| DROPPING +0 chain mail.
  7255 | D:9      | 7255 ||| UPGRADING to +2 pair of gloves.
  7265 | D:9      | 7265 ||| DROPPING +0 pair of gloves.
  7266 | D:9      | 7266 ||| READING scroll labelled WEOBAL GICHECE.
  7392 | D:10     | Entered Level 10 of the Dungeon
  7445 | D:10     | 7445 ||| READING 6 scrolls of teleportation.
  7448 | D:10     | 7448 ||| FLEEEEING.
  7464 | D:10     | 7464 ||| INVOKING Heroism.
  7775 | D:10     | Noticed Gastronok
  7776 | D:10     | 7776 ||| INVOKING Heroism.
  7792 | D:10     | Killed Gastronok
  7792 | D:10     | Reached ***** piety under Okawaru
  7836 | D:10     | 7836 ||| Stepping ~*~*~tactically~*~*~ (stealth).
  7838 | D:10     | 7838 ||| INVOKING Heroism.
  7967 | D:10     | 7967 ||| READING scroll labelled PUSCHOO TUJATAOR.
  8052 | D:11     | 8052 ||| INVOKING Heroism.
  8077 | D:11     | 8077 ||| Stepping ~*~*~tactically~*~*~ (hiding).
  8081 | D:11     | Received a gift from Okawaru
  8082 | D:11     | 8082 ||| Stepping ~*~*~tactically~*~*~ (hiding).
  8086 | D:11     | 8086 ||| Stepping ~*~*~tactically~*~*~ (hiding).
  8099 | D:11     | 8099 ||| SWAPPING to +3 broad axe of freezing.
  8100 | D:11     | 8100 ||| DROPPING +1 vorpal war axe.
  8130 | D:11     | Noticed a cyclops
  8131 | D:11     | 8131 ||| INVOKING Heroism.
  8141 | D:11     | Killed a cyclops
  8209 | D:11     | Noticed a two-headed ogre
  8210 | D:11     | 8210 ||| INVOKING Heroism.
  8217 | D:11     | Killed a two-headed ogre
  8218 | D:11     | Reached skill level 9 in Invocations
  8335 | D:11     | 8335 ||| Stepping ~*~*~tactically~*~*~ (hiding).
  8445 | D:11     | 8445 ||| Stepping ~*~*~tactically~*~*~ (hiding).
  8447 | D:11     | 8447 ||| Stepping ~*~*~tactically~*~*~ (hiding).
  8698 | D:11     | Found a staircase to the Lair.
  8700 | D:11     | 8700 ||| INVOKING Heroism.
  8752 | D:11     | 8752 ||| PLANNING LAIR
  8752 | D:11     | 8752 ||| UPGRADING to ring of resist corrosion.
  8753 | D:11     | 8753 ||| READING 2 scrolls labelled POEFOU LETA.
  8754 | D:11     | 8754 ||| DROPPING scroll of poison.
  8779 | Lair:1   | Entered Level 1 of the Lair of Beasts
  8930 | Lair:1   | 8930 ||| Stepping ~*~*~tactically~*~*~ (stealth).
  8932 | Lair:1   | 8932 ||| Stepping ~*~*~tactically~*~*~ (stealth).
  8933 | Lair:1   | 8933 ||| Stepping ~*~*~tactically~*~*~ (stealth).
  8934 | Lair:1   | 8934 ||| Stepping ~*~*~tactically~*~*~ (stealth).
  8966 | Lair:1   | 8966 ||| INVOKING Heroism.
  8971 | Lair:1   | Reached skill level 9 in Fighting
  9650 | Lair:1   | 9650 ||| READING 8 scrolls of identify.
  9650 | Lair:1   | 9650 ||| IDENTIFYING emerald potion
  9651 | Lair:1   | 9651 ||| READING 7 scrolls of identify.
  9651 | Lair:1   | 9651 ||| IDENTIFYING sapphire potion
  9652 | Lair:1   | 9652 ||| DROPPING potion of ambrosia.
  9700 | Lair:2   | 9700 ||| INVOKING Heroism.
  9701 | Lair:2   | Found a hole to the Spider Nest.
  9705 | Lair:2   | Noticed Erica
  9715 | Lair:2   | Received a gift from Okawaru
  9716 | Lair:2   | 9716 ||| DRINKING 3 potions of curing.
  9716 | Lair:2   | 9716 ||| (to cure confusion)
  9721 | Lair:2   | Reached skill level 9 in Armour
  9721 | Lair:2   | Reached XP level 12. HP: 29/76 MP: 19/19
  9727 | Lair:2   | HP: 16/76 [something (11)]
  9734 | Lair:2   | Killed Erica
  9907 | Lair:2   | 9907 ||| Stepping ~*~*~tactically~*~*~ (stealth).
  9923 | Lair:2   | 9923 ||| Stepping ~*~*~tactically~*~*~ (stealth).
  9927 | Lair:2   | 9927 ||| Stepping ~*~*~tactically~*~*~ (stealth).
  9929 | Lair:2   | 9929 ||| INVOKING Heroism.
  9960 | Lair:2   | Identified the +5 dagger "Kiucwuys" {protect, Str+2 Int-5
                  | Dex+6}
  9987 | Lair:2   | 9987 ||| INVOKING Heroism.
 10152 | Lair:2   | 10152 ||| READING scroll of enchant armour.
 10152 | Lair:2   | 10152 ||| ENCHANTING +0 helmet.
 10213 | Lair:2   | 10213 ||| Stepping ~*~*~tactically~*~*~ (hiding).
 10270 | Lair:2   | 10270 ||| Stepping ~*~*~tactically~*~*~ (stealth).
 10274 | Lair:2   | 10274 ||| INVOKING Heroism.
 10285 | Lair:2   | Reached skill level 12 in Axes
 10601 | Lair:3   | Noticed Amaemon
 10602 | Lair:3   | 10602 ||| INVOKING Heroism.
 10611 | Lair:3   | Killed Amaemon
 10612 | Lair:3   | Reached skill level 6 in Shields
 10641 | Lair:3   | 10641 ||| DROPPING +4 flail "Juamael" {pain, Str+4}.
 10693 | Lair:3   | 10693 ||| INVOKING Heroism.
 10694 | Lair:3   | Found a staircase to the Swamp.
 10703 | Lair:3   | Reached skill level 3 in Dodging
 10768 | Lair:3   | Reached skill level 10 in Fighting
 10818 | Lair:3   | Noticed a catoblepas
 10819 | Lair:3   | 10819 ||| INVOKING Heroism.
 10820 | Lair:3   | 10820 ||| INVOKING Finesse.
 10822 | Lair:3   | Noticed Fannar
 10831 | Lair:3   | Killed a catoblepas
 10851 | Lair:3   | 10851 ||| Stepping ~*~*~tactically~*~*~ (hiding).
 10853 | Lair:3   | Killed Fannar
 10943 | Lair:3   | 10943 ||| INVOKING Heroism.
 11253 | Lair:3   | Reached ****** piety under Okawaru
 11346 | Lair:3   | 11346 ||| DROPPING +2 pair of gloves.
 11347 | Lair:3   | 11347 ||| READING 7 scrolls of identify.
 11347 | Lair:3   | 11347 ||| IDENTIFYING grey potion
 11374 | Lair:4   | 11374 ||| PLANNING GAUNTLET
 11374 | Lair:4   | 11374 ||| STAIRDANCE
 11390 | Lair:4   | 11390 ||| STAIRDANCE
 11392 | Lair:3   | 11392 ||| INVOKING Heroism.
 11395 | Lair:3   | Reached XP level 13. HP: 82/82 MP: 17/20
 11397 | Lair:3   | Identified the +1 pair of boots "Paduacw" {rPois} (Okawaru
                  | gifted it to you on level 3 of the Lair of Beasts)
 11397 | Lair:3   | Received a gift from Okawaru
 11413 | Lair:3   | 11413 ||| UPGRADING to +1 pair of boots "Paduacw" {rPois}.
 11423 | Lair:3   | 11423 ||| DROPPING +0 pair of boots.
 11431 | Lair:4   | Found a gate leading to a gauntlet.
 11440 | Gauntlet | Entered a Gauntlet
 11440 | Gauntlet | Found a transporter.
 11440 | Gauntlet | Found a transporter.
 11445 | Gauntlet | Found a transporter.
 11460 | Gauntlet | Found a transporter.
 11476 | Gauntlet | Found a transporter.
 11489 | Gauntlet | Found a transporter.
 11577 | Gauntlet | Found a transporter.
 11593 | Gauntlet | Found a transporter.
 11595 | Gauntlet | Found a large runed translucent door.
 11596 | Gauntlet | Found a large runed translucent door.
 11597 | Gauntlet | Found a large runed translucent door.
 11597 | Gauntlet | Found a large runed translucent door.
 11611 | Gauntlet | Found a transporter.
 11622 | Gauntlet | Found a transporter.
 11624 | Gauntlet | Found a large runed translucent door.
 11638 | Gauntlet | Found a transporter.
 11705 | Gauntlet | Found a transporter.
 11707 | Gauntlet | Found a large runed translucent door.
 11708 | Gauntlet | Found a large runed translucent door.
 11709 | Gauntlet | Found a large runed translucent door.
 11709 | Gauntlet | Found a large runed translucent door.
 11709 | Gauntlet | Found a runed translucent door.
 11709 | Gauntlet | Found a transporter.
 11710 | Gauntlet | Found a large runed translucent door.
 11717 | Gauntlet | Found a large runed translucent door.
 11718 | Gauntlet | Found a large runed translucent door.
 11719 | Gauntlet | Found a large runed translucent door.
 11720 | Gauntlet | Found a runed translucent gate.
 11722 | Gauntlet | Found a transporter.
 11729 | Gauntlet | Found a transporter.
 11732 | Gauntlet | Found a transporter.
 11732 | Gauntlet | Found a runed translucent gate.
 11733 | Gauntlet | Found a runed translucent gate.
 11734 | Gauntlet | Found a large runed translucent door.
 11735 | Gauntlet | Found a large runed translucent door.
 11753 | Gauntlet | Found a runed translucent door.
 11764 | Gauntlet | Found a large runed translucent door.
 11811 | Gauntlet | 11811 ||| INVOKING Heroism.
 11837 | Gauntlet | Identified the ring of Pimyej {rC++ EV+4}
 11844 | Gauntlet | 11844 ||| UPGRADING to ring of Pimyej {rC++ EV+4}.
 11846 | Gauntlet | 11846 ||| DROPPING ring of ice.
 11847 | Gauntlet | 11847 ||| UPGRADING to +6 ring of dexterity.
 11885 | Gauntlet | Identified the ring of Zever {Fly EV+4 Str+5}
 11887 | Gauntlet | 11887 ||| UPGRADING to ring of Zever {Fly EV+4 Str+5}.
 11889 | Gauntlet | 11889 ||| DROPPING ring of ice.
 11890 | Gauntlet | 11890 ||| UPGRADING to ring of Pimyej {rC++ EV+4}.
 11892 | Gauntlet | 11892 ||| DROPPING +6 ring of dexterity.
 11934 | Gauntlet | Noticed a minotaur
 11935 | Gauntlet | 11935 ||| INVOKING Heroism.
 11936 | Gauntlet | 11936 ||| INVOKING Finesse.
 11951 | Gauntlet | Killed a minotaur
 12038 | Lair:4   | 12038 ||| PLANNING LAIR
 12045 | Lair:4   | 12045 ||| READING scroll of enchant armour.
 12045 | Lair:4   | 12045 ||| ENCHANTING +1 helmet.
 12060 | Lair:4   | 12060 ||| INVOKING Heroism.
 12066 | Lair:4   | 12066 ||| INVOKING Finesse.
 12130 | Lair:4   | 12130 ||| INVOKING Heroism.
 12133 | Lair:4   | 12133 ||| Stepping ~*~*~tactically~*~*~ (stealth).
 12178 | Lair:4   | 12178 ||| FLEEEEING.
 12179 | Lair:4   | 12179 ||| FLEEEEING.
 12180 | Lair:4   | 12180 ||| FLEEEEING.
 12182 | Lair:4   | 12182 ||| Stepping ~*~*~tactically~*~*~ (hiding).
 12186 | Lair:4   | 12186 ||| INVOKING Heroism.
 12187 | Lair:4   | 12187 ||| Stepping ~*~*~tactically~*~*~ (hiding).
 12188 | Lair:4   | 12188 ||| Stepping ~*~*~tactically~*~*~ (hiding).
 12191 | Lair:4   | 12191 ||| INVOKING Finesse.
 12198 | Lair:4   | 12198 ||| Stepping ~*~*~tactically~*~*~ (hiding).
 12420 | Lair:4   | Found a bloodstained altar of Trog.
 12421 | Lair:4   | 12421 ||| INVOKING Heroism.
 12422 | Lair:4   | 12422 ||| INVOKING Finesse.
 12637 | Lair:4   | Found a viscous altar of Jiyva.
 12637 | Lair:4   | Found a staircase to the Slime Pits.
 12743 | Lair:4   | 12743 ||| UPGRADING to amulet of reflection.
 12753 | Lair:4   | 12753 ||| DROPPING amulet of regeneration.
 12765 | Lair:5   | Entered Level 5 of the Lair of Beasts
 12766 | Lair:5   | 12766 ||| STAIRDANCE
 12774 | Lair:4   | Reached skill level 3 in Throwing
 12780 | Lair:5   | 12780 ||| STAIRDANCE
 12782 | Lair:4   | 12782 ||| INVOKING Heroism.
 12843 | Lair:5   | 12843 ||| STAIRDANCE
 12845 | Lair:4   | 12845 ||| INVOKING Heroism.
 12895 | Lair:5   | 12895 ||| STAIRDANCE
 12897 | Lair:4   | 12897 ||| INVOKING Heroism.
 12898 | Lair:4   | 12898 ||| SWAPPING to +1 demon whip of venom.
 12899 | Lair:4   | 12899 ||| INVOKING Finesse.
 12900 | Lair:4   | 12900 ||| Stepping ~*~*~tactically~*~*~ (outnumbered).
 12901 | Lair:4   | 12901 ||| Stepping ~*~*~tactically~*~*~ (outnumbered).
 12912 | Lair:4   | 12912 ||| SWAPPING to +3 broad axe of freezing.
 12917 | Lair:4   | Reached skill level 11 in Fighting
 13037 | Lair:5   | 13037 ||| INVOKING Heroism.
 13101 | Lair:5   | 13101 ||| Stepping ~*~*~tactically~*~*~ (hiding).
 13152 | Lair:5   | 13152 ||| Stepping ~*~*~tactically~*~*~ (stealth).
 13154 | Lair:5   | 13154 ||| INVOKING Heroism.
 13197 | Lair:5   | 13197 ||| Stepping ~*~*~tactically~*~*~ (hiding).
 13228 | Lair:5   | 13228 ||| INVOKING Heroism.
 13254 | Lair:5   | 13254 ||| READING scroll of enchant weapon.
 13254 | Lair:5   | 13254 ||| ENCHANTING +3 broad axe of freezing.
 13326 | Lair:5   | 13326 ||| Stepping ~*~*~tactically~*~*~ (stealth).
 13327 | Lair:5   | 13327 ||| Stepping ~*~*~tactically~*~*~ (stealth).
 13328 | Lair:5   | 13328 ||| INVOKING Heroism.
 13336 | Lair:5   | Received a gift from Okawaru
 13340 | Lair:5   | Gained mutation: Your large and strong wings let you fly.
                  | [Gargoyle growth]
 13340 | Lair:5   | Reached XP level 14. HP: 90/90 MP: 19/21
 13409 | Lair:5   | 13409 ||| INVOKING Heroism.
 13411 | Lair:5   | 13411 ||| INVOKING Finesse.
 13427 | Lair:5   | 13427 ||| Stepping ~*~*~tactically~*~*~ (stealth).
 13563 | Lair:5   | 13563 ||| INVOKING Heroism.
 13574 | Lair:5   | Reached skill level 15 in Axes
 13622 | Lair:5   | Noticed Snorg
 13623 | Lair:5   | 13623 ||| INVOKING Finesse.
 13636 | Lair:5   | Killed Snorg
 13772 | Lair:5   | Received a gift from Okawaru
 13810 | Lair:5   | 13810 ||| Stepping ~*~*~tactically~*~*~ (hiding).
 13815 | Lair:5   | 13815 ||| Stepping ~*~*~tactically~*~*~ (stealth).
 13820 | Lair:5   | 13820 ||| INVOKING Heroism.
 13821 | Lair:5   | 13821 ||| SWAPPING to +1 demon whip of venom.
 13822 | Lair:5   | 13822 ||| INVOKING Finesse.
 13823 | Lair:5   | 13823 ||| Stepping ~*~*~tactically~*~*~ (outnumbered).
 13824 | Lair:5   | 13824 ||| Stepping ~*~*~tactically~*~*~ (outnumbered).
 13825 | Lair:5   | 13825 ||| Stepping ~*~*~tactically~*~*~ (outnumbered).
 13826 | Lair:5   | 13826 ||| Stepping ~*~*~tactically~*~*~ (outnumbered).
 13838 | Lair:5   | 13838 ||| SWAPPING to +4 broad axe of freezing.
 13921 | Lair:5   | 13921 ||| Stepping ~*~*~tactically~*~*~ (hiding).
 13924 | Lair:5   | Received a gift from Okawaru
 13958 | Lair:5   | 13958 ||| Stepping ~*~*~tactically~*~*~ (stealth).
 13968 | Lair:5   | 13968 ||| INVOKING Heroism.
 14045 | Lair:5   | 14045 ||| Stepping ~*~*~tactically~*~*~ (stealth).
 14047 | Lair:5   | 14047 ||| INVOKING Heroism.
 14064 | Lair:5   | Reached skill level 12 in Fighting
 14092 | Lair:5   | 14092 ||| Stepping ~*~*~tactically~*~*~ (stealth).
 14094 | Lair:5   | 14094 ||| Stepping ~*~*~tactically~*~*~ (stealth).
 14102 | Lair:5   | 14102 ||| Stepping ~*~*~tactically~*~*~ (stealth).
 14112 | Lair:5   | 14112 ||| INVOKING Heroism.
 14118 | Lair:5   | Identified the +3 ring mail of the Crypt {Str+3} (Okawaru
                  | gifted it to you on level 5 of the Lair of Beasts)
 14118 | Lair:5   | Received a gift from Okawaru
 14282 | Lair:5   | 14282 ||| Stepping ~*~*~tactically~*~*~ (hiding).
 14370 | Lair:5   | Found a corrupted altar of Lugonu.
 14370 | Lair:5   | Found a one-way gate to the infinite horrors of the Abyss.
 14591 | Lair:5   | 14591 ||| PLANNING D
 14591 | Lair:5   | 14591 ||| DROPPING ring of wizardry.
 14696 | D:12     | 14696 ||| STAIRDANCE
 14760 | D:12     | 14760 ||| STAIRDANCE
 14767 | D:11     | 14767 ||| INVOKING Heroism.
 14884 | D:12     | 14884 ||| STAIRDANCE
 14904 | D:12     | 14904 ||| Stepping ~*~*~tactically~*~*~ (stealth).
 14905 | D:12     | 14905 ||| Stepping ~*~*~tactically~*~*~ (stealth).
 14906 | D:12     | 14906 ||| INVOKING Heroism.
 14907 | D:12     | 14907 ||| INVOKING Finesse.
 15011 | D:12     | 15011 ||| INVOKING Heroism.
 15012 | D:12     | 15012 ||| Stepping ~*~*~tactically~*~*~ (hiding).
 15131 | D:12     | 15131 ||| DROPPING +2 antimagic broad axe.
 15353 | D:12     | 15353 ||| Stepping ~*~*~tactically~*~*~ (stealth).
 15355 | D:12     | 15355 ||| Stepping ~*~*~tactically~*~*~ (stealth).
 15365 | D:12     | 15365 ||| Stepping ~*~*~tactically~*~*~ (stealth).
 15366 | D:12     | 15366 ||| Stepping ~*~*~tactically~*~*~ (stealth).
 15369 | D:12     | 15369 ||| INVOKING Heroism.
 15741 | D:13     | 15741 ||| DRINKING 6 potions of curing.
 15741 | D:13     | 15741 ||| (to cure confusion)
 15743 | D:13     | 15743 ||| DRINKING 5 potions of curing.
 15743 | D:13     | 15743 ||| (to cure confusion)
 15745 | D:13     | 15745 ||| DRINKING 4 potions of curing.
 15745 | D:13     | 15745 ||| (to cure confusion)
 15829 | D:13     | 15829 ||| Stepping ~*~*~tactically~*~*~ (hiding).
 15933 | D:13     | Noticed Lodul
 15936 | D:13     | 15936 ||| INVOKING Heroism.
 15939 | D:13     | 15939 ||| INVOKING Finesse.
 15946 | D:13     | Noticed Rupert
 15949 | D:13     | Killed Lodul
 15960 | D:13     | Reached XP level 15. HP: 90/96 MP: 16/22
 15971 | D:13     | Killed Rupert
 15976 | D:13     | Identified the +0 helmet of Okawaru's Generosity {rF+ Int+4
                  | Dex-4} (Okawaru gifted it to you on level 13 of the
                  | Dungeon)
 15976 | D:13     | Received a gift from Okawaru
 15985 | D:13     | 15985 ||| INVOKING Heroism.
 16404 | D:13     | Reached skill level 12 in Armour
 16682 | D:13     | 16682 ||| UPGRADING to +2 buckler.
 16692 | D:13     | 16692 ||| DROPPING +0 buckler.
 16729 | D:14     | 16729 ||| READING 2 scrolls of enchant weapon.
 16729 | D:14     | 16729 ||| ENCHANTING +4 broad axe of freezing.
 16730 | D:14     | 16730 ||| READING scroll of enchant weapon.
 16730 | D:14     | 16730 ||| ENCHANTING +5 broad axe of freezing.
 16867 | D:14     | Found a gate to the Vaults.
 16868 | D:14     | 16868 ||| INVOKING Heroism.
 16869 | D:14     | 16869 ||| DRINKING 4 potions of curing.
 16869 | D:14     | 16869 ||| (to cure confusion)
 16876 | D:14     | 16876 ||| DRINKING 3 potions of curing.
 16876 | D:14     | 16876 ||| (to cure confusion)
 16880 | D:14     | 16880 ||| DRINKING 2 potions of curing.
 16880 | D:14     | 16880 ||| (to cure confusion)
 16881 | D:14     | 16881 ||| DRINKING potion of curing.
 16881 | D:14     | 16881 ||| (to cure confusion)
 16997 | D:14     | 16997 ||| FLEEEEING.
 17052 | D:14     | 17052 ||| Stepping ~*~*~tactically~*~*~ (stealth).
 17056 | D:14     | 17056 ||| Stepping ~*~*~tactically~*~*~ (stealth).
 17058 | D:14     | 17058 ||| INVOKING Heroism.
 17146 | D:14     | 17146 ||| INVOKING Heroism.
 17174 | D:14     | 17174 ||| Stepping ~*~*~tactically~*~*~ (stealth).
 17270 | D:14     | 17270 ||| INVOKING Heroism.
 17271 | D:14     | 17271 ||| SWAPPING to +1 demon whip of venom.
 17272 | D:14     | 17272 ||| INVOKING Finesse.
 17281 | D:14     | 17281 ||| SWAPPING to +6 broad axe of freezing.
 17732 | D:14     | 17732 ||| DROPPING +2 pair of gloves.
 17733 | D:14     | 17733 ||| DROPPING amulet of magic regeneration.
 17757 | D:15     | Entered Level 15 of the Dungeon
 17808 | D:15     | 17808 ||| INVOKING Heroism.
 17809 | D:15     | 17809 ||| SWAPPING to +1 demon whip of venom.
 17810 | D:15     | 17810 ||| INVOKING Finesse.
 17820 | D:15     | 17820 ||| SWAPPING to +6 broad axe of freezing.
 17895 | D:15     | 17895 ||| Stepping ~*~*~tactically~*~*~ (hiding).
 17902 | D:15     | 17902 ||| INVOKING Heroism.
 17919 | D:15     | 17919 ||| INVOKING Finesse.
 18066 | D:15     | 18066 ||| INVOKING Heroism.
 18069 | D:15     | Reached skill level 13 in Fighting
 18112 | D:15     | Found a staircase to the Depths.
 18199 | D:15     | 18199 ||| READING scroll of enchant armour.
 18199 | D:15     | 18199 ||| ENCHANTING +0 cloak.
 18212 | D:15     | Identified the +2 tower shield of Responsibility {Dex+2
                  | SInv} (Okawaru gifted it to you on level 15 of the Dungeon)
 18212 | D:15     | Received a gift from Okawaru
 18255 | Abyss:3  | Cast into level 3 of the Abyss (a wizard)
 18307 | Abyss:3  | 18307 ||| Stepping ~*~*~tactically~*~*~ (stealth).
 18309 | Abyss:3  | 18309 ||| Stepping ~*~*~tactically~*~*~ (stealth).
 18310 | Abyss:3  | Paralysed by an air elemental for 1 turns
 18327 | Abyss:3  | 18327 ||| Stepping ~*~*~tactically~*~*~ (stealth).
 18328 | Abyss:3  | 18328 ||| Stepping ~*~*~tactically~*~*~ (stealth).
 18357 | Abyss:3  | 18357 ||| Stepping ~*~*~tactically~*~*~ (hiding).
 18359 | Abyss:3  | 18359 ||| INVOKING Heroism.
 18370 | Abyss:3  | 18370 ||| Stepping ~*~*~tactically~*~*~ (hiding).
 18391 | Abyss:3  | 18391 ||| Stepping ~*~*~tactically~*~*~ (stealth).
 18407 | Abyss:3  | Noticed a tentacled starspawn
 18408 | Abyss:3  | 18408 ||| Stepping ~*~*~tactically~*~*~ (stealth).
 18411 | Abyss:3  | 18411 ||| Stepping ~*~*~tactically~*~*~ (stealth).
 18429 | Abyss:3  | 18429 ||| Stepping ~*~*~tactically~*~*~ (stealth).
 18430 | Abyss:3  | 18430 ||| Stepping ~*~*~tactically~*~*~ (stealth).
 18432 | Abyss:3  | 18432 ||| Stepping ~*~*~tactically~*~*~ (stealth).
 18433 | Abyss:3  | 18433 ||| Stepping ~*~*~tactically~*~*~ (stealth).
 18441 | Abyss:3  | 18441 ||| INVOKING Heroism.
 18442 | Abyss:3  | Noticed a tentacled starspawn
 18444 | Abyss:3  | Killed a tentacled starspawn
 18444 | Abyss:3  | Killed a tentacled starspawn
 18465 | Abyss:3  | 18465 ||| Stepping ~*~*~tactically~*~*~ (stealth).
 18489 | Abyss:3  | 18489 ||| Stepping ~*~*~tactically~*~*~ (stealth).
 18506 | Abyss:3  | 18506 ||| INVOKING Heroism.
 18521 | Abyss:3  | 18521 ||| Stepping ~*~*~tactically~*~*~ (stealth).
 18534 | Abyss:3  | 18534 ||| INVOKING Heroism.
 18542 | Abyss:3  | 18542 ||| Stepping ~*~*~tactically~*~*~ (hiding).
 18548 | Abyss:3  | HP: 18/98 [cyan very ugly thing[a worldbinder] (8)]
 18549 | Abyss:3  | 18549 ||| READING 10 scrolls of teleportation.
 18549 | Abyss:3  | HP: 6/98 [ironbound thunderhulk/bolt of lightning[a
                  | worldbinder] (13)]
 18550 | Abyss:3  | 18550 ||| DRINKING 2 potions of heal wounds.
 18551 | Abyss:3  | 18551 ||| DRINKING potion of heal wounds.
 18558 | Abyss:3  | 18558 ||| Stepping ~*~*~tactically~*~*~ (stealth).
 18674 | Abyss:3  | 18674 ||| Stepping ~*~*~tactically~*~*~ (stealth).
 18677 | Abyss:3  | 18677 ||| Stepping ~*~*~tactically~*~*~ (stealth).
 18678 | Abyss:3  | 18678 ||| Stepping ~*~*~tactically~*~*~ (stealth).
 18678 | Abyss:3  | Found a corrupted altar of Lugonu.
 18679 | Abyss:3  | 18679 ||| INVOKING Heroism.
 18691 | Abyss:3  | Reached XP level 16. HP: 62/104 MP: 21/23
 18697 | Abyss:3  | 18697 ||| Stepping ~*~*~tactically~*~*~ (stealth).
 18699 | Abyss:3  | 18699 ||| INVOKING Heroism.
 18713 | D:15     | Escaped the Abyss
 18723 | D:15     | 18723 ||| FLEEEEING.
 18724 | D:15     | 18724 ||| FLEEEEING.
 18725 | D:15     | 18725 ||| FLEEEEING.
 18726 | D:15     | 18726 ||| FLEEEEING.
 18727 | D:15     | 18727 ||| FLEEEEING.
 18728 | D:15     | 18728 ||| FLEEEEING.
 18729 | D:15     | 18729 ||| FLEEEEING.
 18730 | D:15     | 18730 ||| FLEEEEING.
 18732 | D:15     | 18732 ||| FLEEEEING.
 18733 | D:15     | 18733 ||| FLEEEEING.
 18734 | D:15     | 18734 ||| FLEEEEING.
 18735 | D:15     | 18735 ||| FLEEEEING.
 18736 | D:15     | 18736 ||| FLEEEEING.
 18742 | D:15     | 18742 ||| Stepping ~*~*~tactically~*~*~ (hiding).
 19150 | D:15     | 19150 ||| Stepping ~*~*~tactically~*~*~ (stealth).
 19268 | D:15     | 19268 ||| Stepping ~*~*~tactically~*~*~ (hiding).
 19270 | D:15     | 19270 ||| Stepping ~*~*~tactically~*~*~ (hiding).
 19272 | D:15     | 19272 ||| Stepping ~*~*~tactically~*~*~ (hiding).
 19273 | D:15     | 19273 ||| Stepping ~*~*~tactically~*~*~ (hiding).
 19274 | D:15     | 19274 ||| Stepping ~*~*~tactically~*~*~ (hiding).
 19486 | D:15     | 19486 ||| READING scroll of enchant armour.
 19486 | D:15     | 19486 ||| ENCHANTING +1 cloak.
 19585 | D:15     | 19585 ||| PLANNING ORC
 19585 | D:15     | 19585 ||| UPGRADING to +2 tower shield of Responsibility
                  | {Dex+2 SInv}.
 19595 | D:15     | 19595 ||| DROPPING +2 buckler.
 19781 | Orc:1    | Entered Level 1 of the Orcish Mines
 19782 | Orc:1    | 19782 ||| Stepping ~*~*~tactically~*~*~ (hiding).
 19782 | Orc:1    | Found Jiacyesk's Book Emporium.
 19789 | Orc:1    | 19789 ||| Stepping ~*~*~tactically~*~*~ (stealth).
 19791 | Orc:1    | 19791 ||| Stepping ~*~*~tactically~*~*~ (hiding).
 19950 | Orc:1    | 19950 ||| INVOKING Heroism.
 19952 | Orc:1    | Found Jidak's Distillery.
 19996 | Orc:1    | 19996 ||| BUYING potion of attraction (42 gold).
 19996 | Orc:1    | Bought a potion of attraction for 42 gold pieces
 19996 | Orc:1    | 19996 ||| BUYING potion of cancellation (112 gold).
 19996 | Orc:1    | Bought a potion of cancellation for 112 gold pieces
 19996 | Orc:1    | 19996 ||| BUYING potion of curing (42 gold).
 19996 | Orc:1    | Bought a potion of curing for 42 gold pieces
 19996 | Orc:1    | 19996 ||| BUYING potion of might (56 gold).
 19996 | Orc:1    | Bought a potion of might for 56 gold pieces
 19996 | Orc:1    | 19996 ||| BUYING potion of mutation (112 gold).
 19996 | Orc:1    | Bought a potion of mutation for 112 gold pieces
 19996 | Orc:1    | 19996 ||| BUYING potion of mutation (112 gold).
 19996 | Orc:1    | Bought a potion of mutation for 112 gold pieces
 20016 | Orc:1    | Found Mofixo's Book Shop.
 20017 | Orc:1    | 20017 ||| INVOKING Heroism.
 20035 | Orc:1    | Found Sieres's Magic Scroll Emporium.
 20045 | Orc:1    | 20045 ||| BUYING 2 scrolls of identify (64 gold).
 20045 | Orc:1    | Bought 2 scrolls of identify for 64 gold pieces
 20045 | Orc:1    | 20045 ||| BUYING scroll of brand weapon (152 gold).
 20045 | Orc:1    | Bought a scroll of brand weapon for 152 gold pieces
 20045 | Orc:1    | 20045 ||| BUYING scroll of enchant weapon (120 gold).
 20045 | Orc:1    | Bought a scroll of enchant weapon for 120 gold pieces
 20045 | Orc:1    | 20045 ||| READING scroll of brand weapon.
 20045 | Orc:1    | 20045 ||| BRANDING +6 broad axe of freezing.
 20046 | Orc:1    | 20046 ||| READING scroll of enchant weapon.
 20046 | Orc:1    | 20046 ||| ENCHANTING +6 broad axe of venom.
 20142 | Orc:1    | 20142 ||| INVOKING Heroism.
 20164 | Orc:1    | 20164 ||| Stepping ~*~*~tactically~*~*~ (stealth).
 20186 | Orc:1    | Reached skill level 9 in Shields
 20187 | Orc:1    | 20187 ||| INVOKING Heroism.
 20340 | Orc:1    | 20340 ||| DROPPING +1 demon whip of venom.
 20541 | Orc:2    | Entered Level 2 of the Orcish Mines
 20541 | Orc:2    | Found a staircase to the Elven Halls.
 20616 | Orc:2    | 20616 ||| DRINKING 3 potions of curing.
 20616 | Orc:2    | 20616 ||| (to cure confusion)
 20617 | Orc:2    | 20617 ||| INVOKING Heroism.
 20658 | Orc:2    | 20658 ||| INVOKING Heroism.
 20776 | Orc:2    | 20776 ||| FLEEEEING.
 20778 | Orc:2    | 20778 ||| STAIRDANCE
 20932 | Orc:2    | 20932 ||| STAIRDANCE
 20934 | Orc:1    | 20934 ||| INVOKING Heroism.
 20948 | Orc:2    | 20948 ||| STAIRDANCE
 20953 | Orc:2    | 20953 ||| STAIRDANCE
 20959 | Orc:2    | 20959 ||| STAIRDANCE
 20967 | Orc:2    | 20967 ||| STAIRDANCE
 20975 | Orc:2    | 20975 ||| STAIRDANCE
 21037 | Orc:2    | 21037 ||| Stepping ~*~*~tactically~*~*~ (stealth).
 21039 | Orc:2    | 21039 ||| INVOKING Heroism.
 21043 | Orc:2    | 21043 ||| Stepping ~*~*~tactically~*~*~ (stealth).
 21051 | Orc:2    | 21051 ||| Stepping ~*~*~tactically~*~*~ (stealth).
 21075 | Orc:2    | Found Derchuus's Assorted Antiques.
 21075 | Orc:2    | Found Hosoureink's Jewellery Shoppe.
 21082 | Orc:2    | 21082 ||| INVOKING Heroism.
 21101 | Orc:2    | 21101 ||| BUYING scroll of teleportation (114 gold).
 21101 | Orc:2    | Bought a scroll of teleportation for 114 gold pieces
 21117 | Orc:2    | 21117 ||| BUYING amulet of Mistrust {Faith rC++} (709
                  | gold).
 21117 | Orc:2    | Bought the amulet of Mistrust {Faith rC++} for 709 gold
                  | pieces
 21185 | Orc:2    | 21185 ||| Stepping ~*~*~tactically~*~*~ (stealth).
 21187 | Orc:2    | 21187 ||| Stepping ~*~*~tactically~*~*~ (stealth).
 21188 | Orc:2    | 21188 ||| Stepping ~*~*~tactically~*~*~ (stealth).
 21191 | Orc:2    | 21191 ||| INVOKING Heroism.
 21218 | Orc:2    | 21218 ||| Stepping ~*~*~tactically~*~*~ (hiding).
 21220 | Orc:2    | 21220 ||| Stepping ~*~*~tactically~*~*~ (hiding).
 21223 | Orc:2    | 21223 ||| Stepping ~*~*~tactically~*~*~ (stealth).
 21224 | Orc:2    | 21224 ||| Stepping ~*~*~tactically~*~*~ (stealth).
 21232 | Orc:2    | 21232 ||| Stepping ~*~*~tactically~*~*~ (hiding).
 21236 | Orc:2    | 21236 ||| INVOKING Heroism.
 21281 | Orc:2    | 21281 ||| Stepping ~*~*~tactically~*~*~ (stealth).
 21349 | Orc:2    | 21349 ||| INVOKING Heroism.
 21375 | Orc:2    | 21375 ||| INVOKING Heroism.
 21450 | Orc:2    | 21450 ||| Stepping ~*~*~tactically~*~*~ (hiding).
 21497 | Orc:2    | 21497 ||| Stepping ~*~*~tactically~*~*~ (stealth).
 21499 | Orc:2    | Found Gutefry's Armour Boutique.
 21499 | Orc:2    | Found Anoutz's Antique Weapon Shoppe.
 21616 | Orc:2    | 21616 ||| Stepping ~*~*~tactically~*~*~ (stealth).
 21659 | Orc:2    | 21659 ||| PLANNING SWAMP:1-3
 21659 | Orc:2    | 21659 ||| UPGRADING to +2 plate armour of cold resistance.
 21669 | Orc:2    | 21669 ||| DROPPING +0 plate armour.
 21670 | Orc:2    | 21670 ||| DROPPING +3 scale mail of fire resistance.
 21750 | D:9      | 21750 ||| Stepping ~*~*~tactically~*~*~ (stealth).
 21893 | Swamp:1  | Entered Level 1 of the Swamp
 21897 | Swamp:1  | 21897 ||| INVOKING Heroism.
 21969 | Swamp:1  | 21969 ||| INVOKING Heroism.
 21971 | Swamp:1  | 21971 ||| Stepping ~*~*~tactically~*~*~ (hiding).
 22009 | Swamp:1  | 22009 ||| Stepping ~*~*~tactically~*~*~ (hiding).
 22010 | Swamp:1  | 22010 ||| INVOKING Heroism.
 22011 | Swamp:1  | 22011 ||| INVOKING Finesse.
 22015 | Swamp:1  | 22015 ||| SWAPPING to +2 war axe of flaming.
 22025 | Swamp:1  | Reached skill level 12 in Shields
 22025 | Swamp:1  | 22025 ||| SWAPPING to +7 broad axe of venom.
 22039 | Swamp:1  | Received a gift from Okawaru
 22064 | Swamp:1  | 22064 ||| INVOKING Heroism.
 22461 | Swamp:2  | 22461 ||| INVOKING Heroism.
 22469 | Swamp:2  | Received a gift from Okawaru
 22470 | Swamp:2  | 22470 ||| Stepping ~*~*~tactically~*~*~ (hiding).
 22472 | Swamp:2  | 22472 ||| Stepping ~*~*~tactically~*~*~ (hiding).
 22477 | Swamp:2  | 22477 ||| Stepping ~*~*~tactically~*~*~ (hiding).
 22593 | Swamp:2  | Identified the +0 leather armour "Saboopoc" {rElec Regen+
                  | SInv}
 22632 | Swamp:2  | 22632 ||| Stepping ~*~*~tactically~*~*~ (hiding).
 22639 | Swamp:2  | 22639 ||| INVOKING Heroism.
 22644 | Swamp:2  | 22644 ||| Stepping ~*~*~tactically~*~*~ (cloud).
 22658 | Swamp:2  | Found a runed translucent gate.
 22658 | Swamp:2  | Found a runed translucent gate.
 22658 | Swamp:2  | Found a runed translucent gate.
 22662 | Swamp:2  | Noticed KCGemini's ghost (journeyman FeBe)
 22745 | Swamp:2  | 22745 ||| Stepping ~*~*~tactically~*~*~ (hiding).
 22747 | Swamp:2  | 22747 ||| INVOKING Heroism.
 22817 | Swamp:2  | 22817 ||| INVOKING Heroism.
 22818 | Swamp:2  | 22818 ||| INVOKING Finesse.
 22819 | Swamp:2  | 22819 ||| SWAPPING to +2 war axe of flaming.
 22824 | Swamp:2  | 22824 ||| SWAPPING to +7 broad axe of venom.
 23223 | Swamp:3  | 23223 ||| STAIRDANCE
 23289 | Swamp:3  | 23289 ||| INVOKING Heroism.
 23402 | Swamp:3  | 23402 ||| Stepping ~*~*~tactically~*~*~ (hiding).
 23404 | Swamp:3  | 23404 ||| INVOKING Heroism.
 23426 | Swamp:3  | 23426 ||| Stepping ~*~*~tactically~*~*~ (stealth).
 23476 | Swamp:3  | 23476 ||| Stepping ~*~*~tactically~*~*~ (hiding).
 23621 | Swamp:3  | 23621 ||| Stepping ~*~*~tactically~*~*~ (hiding).
 23684 | Swamp:3  | Found a transporter.
 23700 | Swamp:3  | 23700 ||| INVOKING Heroism.
 23715 | Swamp:3  | Found a transporter.
 23715 | Swamp:3  | Noticed a fenstrider witch
 23718 | Swamp:3  | 23718 ||| INVOKING Heroism.
 23722 | Swamp:3  | Killed a fenstrider witch
 23740 | Swamp:3  | Received a gift from Okawaru
 23878 | Swamp:3  | Noticed qw's ghost (adept GrFi)
 23903 | Swamp:3  | 23903 ||| INVOKING Heroism.
 23911 | Swamp:3  | Reached XP level 17. HP: 108/108 MP: 22/24
 23926 | Swamp:3  | Noticed a tentacled monstrosity
 23927 | Swamp:3  | 23927 ||| INVOKING Finesse.
 23936 | Swamp:3  | Killed a tentacled monstrosity
 24282 | Swamp:3  | 24282 ||| PLANNING SPIDER:1-3
 24385 | Spider:1 | Entered Level 1 of the Spider Nest
 24416 | Spider:1 | 24416 ||| INVOKING Heroism.
 24482 | Spider:1 | 24482 ||| Stepping ~*~*~tactically~*~*~ (hiding).
 24621 | Spider:1 | 24621 ||| INVOKING Heroism.
 24622 | Spider:1 | 24622 ||| Stepping ~*~*~tactically~*~*~ (stealth).
 24847 | Spider:1 | Identified the +1 robe "Jofoulep" {Fly rC+}
 24883 | Spider:1 | Reached skill level 15 in Shields
 25235 | Spider:1 | Received a gift from Okawaru
 25264 | Spider:1 | 25264 ||| INVOKING Heroism.
 25339 | Spider:1 | 25339 ||| INVOKING Heroism.
 25361 | Spider:1 | 25361 ||| INVOKING Heroism.
 25618 | Spider:1 | 25618 ||| DROPPING -2 pair of gloves.
 25643 | Spider:2 | Noticed Asterion
 25644 | Spider:2 | 25644 ||| Stepping ~*~*~tactically~*~*~ (hiding).
 25647 | Spider:2 | 25647 ||| INVOKING Heroism.
 25648 | Spider:2 | 25648 ||| INVOKING Finesse.
 25660 | Spider:2 | Killed Asterion
 25660 | Spider:2 | Received a gift from Okawaru
 25708 | Spider:2 | 25708 ||| Stepping ~*~*~tactically~*~*~ (hiding).
 25734 | Spider:2 | 25734 ||| READING scroll of enchant armour.
 25734 | Spider:2 | 25734 ||| ENCHANTING +2 plate armour of cold resistance.
 25779 | Spider:2 | 25779 ||| INVOKING Heroism.
 25785 | Spider:2 | 25785 ||| INVOKING Finesse.
 25787 | Spider:2 | Received a gift from Okawaru
 25838 | Spider:2 | 25838 ||| INVOKING Finesse.
 25845 | Spider:2 | 25845 ||| INVOKING Heroism.
 25905 | Spider:2 | 25905 ||| Stepping ~*~*~tactically~*~*~ (stealth).
 25906 | Spider:2 | 25906 ||| Stepping ~*~*~tactically~*~*~ (stealth).
 25912 | Spider:2 | 25912 ||| Stepping ~*~*~tactically~*~*~ (stealth).
 25913 | Spider:2 | 25913 ||| Stepping ~*~*~tactically~*~*~ (stealth).
 25918 | Spider:2 | 25918 ||| Stepping ~*~*~tactically~*~*~ (stealth).
 25919 | Spider:2 | 25919 ||| Stepping ~*~*~tactically~*~*~ (stealth).
 25924 | Spider:2 | 25924 ||| Stepping ~*~*~tactically~*~*~ (stealth).
 25925 | Spider:2 | 25925 ||| Stepping ~*~*~tactically~*~*~ (stealth).
 25926 | Spider:2 | 25926 ||| INVOKING Heroism.
 25927 | Spider:2 | 25927 ||| INVOKING Finesse.
 26081 | Spider:2 | Noticed Louise
 26082 | Spider:2 | 26082 ||| INVOKING Finesse.
 26087 | Spider:2 | 26087 ||| INVOKING Heroism.
 26100 | Spider:2 | Killed Louise
 26392 | Spider:2 | 26392 ||| Stepping ~*~*~tactically~*~*~ (hiding).
 26424 | Spider:2 | 26424 ||| Stepping ~*~*~tactically~*~*~ (stealth).
 26451 | Spider:2 | 26451 ||| Stepping ~*~*~tactically~*~*~ (hiding).
 26458 | Spider:2 | Received a gift from Okawaru
 26612 | Spider:2 | 26612 ||| INVOKING Heroism.
 26676 | Spider:2 | 26676 ||| Stepping ~*~*~tactically~*~*~ (stealth).
 26678 | Spider:2 | 26678 ||| INVOKING Heroism.
 26863 | Spider:2 | 26863 ||| Stepping ~*~*~tactically~*~*~ (stealth).
 26865 | Spider:2 | 26865 ||| Stepping ~*~*~tactically~*~*~ (hiding).
 26868 | Spider:2 | 26868 ||| INVOKING Heroism.
 26869 | Spider:2 | 26869 ||| INVOKING Finesse.
 27227 | Spider:2 | 27227 ||| READING scroll labelled ULEDDUMAON.
 27227 | Spider:2 | Identified a scroll of acquirement
 27227 | Spider:2 | 27227 ||| ACQUIRING +0 pair of boots of Wikuwuus {rElec rF-
                  | rC+}
 27227 | Spider:2 | Acquired the +0 pair of boots of Wikuwuus {rElec rF- rC+}
 27249 | Spider:3 | 27249 ||| INVOKING Heroism.
 27251 | Spider:3 | 27251 ||| STAIRDANCE
 27279 | Spider:3 | 27279 ||| INVOKING Finesse.
 27284 | Spider:3 | Received a gift from Okawaru
 27371 | Spider:3 | 27371 ||| INVOKING Heroism.
 27379 | Spider:3 | 27379 ||| INVOKING Finesse.
 27622 | Spider:3 | 27622 ||| Stepping ~*~*~tactically~*~*~ (stealth).
 27631 | Spider:3 | 27631 ||| INVOKING Finesse.
 27632 | Spider:3 | 27632 ||| INVOKING Heroism.
 27636 | Spider:3 | Reached skill level 6 in Throwing
 27764 | Spider:3 | 27764 ||| INVOKING Heroism.
 27885 | Spider:3 | Received a gift from Okawaru
 27913 | Spider:3 | Noticed Vuykkinei's ghost (adept TrBe)
 27919 | Spider:3 | Found a runed translucent door.
 28240 | Spider:3 | 28240 ||| INVOKING Heroism.
 28247 | Spider:3 | Received a gift from Okawaru
 28248 | Spider:3 | Reached skill level 18 in Axes
 28561 | Spider:3 | 28561 ||| PLANNING SWAMP:4
 28700 | Swamp:4  | Entered Level 4 of the Swamp
 28701 | Swamp:4  | 28701 ||| STAIRDANCE
 28709 | Swamp:4  | 28709 ||| INVOKING Heroism.
 28711 | Swamp:4  | 28711 ||| SWAPPING to +2 war axe of flaming.
 28716 | Swamp:4  | 28716 ||| SWAPPING to +7 broad axe of venom.
 28773 | Swamp:4  | 28773 ||| Stepping ~*~*~tactically~*~*~ (hiding).
 28778 | Swamp:4  | 28778 ||| INVOKING Heroism.
 28779 | Swamp:4  | 28779 ||| SWAPPING to +2 war axe of flaming.
 28789 | Swamp:4  | 28789 ||| SWAPPING to +7 broad axe of venom.
 28796 | Swamp:4  | 28796 ||| Stepping ~*~*~tactically~*~*~ (hiding).
 28801 | Swamp:4  | 28801 ||| SWAPPING to +2 war axe of flaming.
 28807 | Swamp:4  | Reached XP level 18. HP: 112/114 MP: 25/25
 28807 | Swamp:4  | 28807 ||| SWAPPING to +7 broad axe of venom.
 28825 | Swamp:4  | 28825 ||| INVOKING Heroism.
 28866 | Swamp:4  | 28866 ||| Stepping ~*~*~tactically~*~*~ (stealth).
 28868 | Swamp:4  | 28868 ||| Stepping ~*~*~tactically~*~*~ (stealth).
 28869 | Swamp:4  | 28869 ||| Stepping ~*~*~tactically~*~*~ (stealth).
 28870 | Swamp:4  | 28870 ||| INVOKING Heroism.
 28888 | Swamp:4  | 28888 ||| Stepping ~*~*~tactically~*~*~ (stealth).
 28914 | Swamp:4  | 28914 ||| INVOKING Heroism.
 28936 | Swamp:4  | 28936 ||| INVOKING Heroism.
 28941 | Swamp:4  | HP: 25/116 [14-headed hydra (7)]
 28942 | Swamp:4  | 28942 ||| READING 12 scrolls of teleportation.
 28944 | Swamp:4  | HP: 9/116 [16-headed hydra (9)]
 28945 | Swamp:4  | Noticed the 27-headed Lernaean hydra
 28946 | Swamp:4  | Reached skill level 14 in Fighting
 28946 | Swamp:4  | 28946 ||| READING 11 scrolls of teleportation.
 28950 | Swamp:4  | 28950 ||| READING 10 scrolls of teleportation.
 29323 | Swamp:4  | 29323 ||| DROPPING +2 war axe of flaming.
 29325 | Swamp:4  | 29325 ||| Stepping ~*~*~tactically~*~*~ (hiding).
 29328 | Swamp:4  | 29328 ||| INVOKING Heroism.
 29343 | Swamp:4  | Received a gift from Okawaru
 29352 | Swamp:4  | Reached skill level 18 in Shields
 29413 | Swamp:4  | 29413 ||| INVOKING Heroism.
 29553 | Swamp:4  | 29553 ||| INVOKING Heroism.
 29838 | Swamp:4  | 29838 ||| Stepping ~*~*~tactically~*~*~ (stealth).
 29840 | Swamp:4  | 29840 ||| Stepping ~*~*~tactically~*~*~ (hiding).
 29983 | Swamp:4  | 29983 ||| INVOKING Heroism.
 30008 | Swamp:4  | 30008 ||| INVOKING Heroism.
 30077 | Swamp:4  | 30077 ||| FLEEEEING.
 30078 | Swamp:4  | 30078 ||| FLEEEEING.
 30079 | Swamp:4  | 30079 ||| FLEEEEING.
 30080 | Swamp:4  | 30080 ||| FLEEEEING.
 30081 | Swamp:4  | 30081 ||| FLEEEEING.
 30082 | Swamp:4  | 30082 ||| FLEEEEING.
 30083 | Swamp:4  | 30083 ||| STAIRDANCE
 30241 | Swamp:4  | 30241 ||| Stepping ~*~*~tactically~*~*~ (stealth).
 30265 | Swamp:4  | 30265 ||| Stepping ~*~*~tactically~*~*~ (stealth).
 30266 | Swamp:4  | 30266 ||| Stepping ~*~*~tactically~*~*~ (hiding).
 30267 | Swamp:4  | 30267 ||| Stepping ~*~*~tactically~*~*~ (hiding).
 30268 | Swamp:4  | 30268 ||| INVOKING Heroism.
 30281 | Swamp:4  | Killed the 27-headed Lernaean hydra
 30281 | Swamp:4  | Received a gift from Okawaru
 30574 | Swamp:4  | Got a decaying rune of Zot
 30615 | Swamp:4  | 30615 ||| INVOKING Heroism.
 30903 | Swamp:4  | 30903 ||| PLANNING VAULTS:1-4
 31133 | Vaults:1 | Entered Level 1 of the Vaults
 31209 | Vaults:1 | 31209 ||| INVOKING Heroism.
 31210 | Vaults:1 | 31210 ||| Stepping ~*~*~tactically~*~*~ (stealth).
 31240 | Vaults:1 | 31240 ||| Stepping ~*~*~tactically~*~*~ (stealth).
 31241 | Vaults:1 | 31241 ||| Stepping ~*~*~tactically~*~*~ (stealth).
 31475 | Vaults:1 | 31475 ||| INVOKING Heroism.
 31483 | Vaults:1 | Received a gift from Okawaru
 31503 | Vaults:1 | 31503 ||| INVOKING Heroism.
 31504 | Vaults:1 | 31504 ||| INVOKING Finesse.
 31519 | Vaults:1 | Reached skill level 15 in Fighting
 31570 | Vaults:1 | 31570 ||| DRINKING 9 potions of curing.
 31570 | Vaults:1 | 31570 ||| (to cure confusion)
 31574 | Vaults:1 | Received a gift from Okawaru
 31586 | Vaults:1 | 31586 ||| READING scroll of enchant armour.
 31586 | Vaults:1 | 31586 ||| ENCHANTING +3 plate armour of cold resistance.
 31640 | Vaults:1 | Noticed Nikola
 31641 | Vaults:1 | 31641 ||| INVOKING Heroism.
 31642 | Vaults:1 | 31642 ||| INVOKING Finesse.
 31652 | Vaults:1 | Killed Nikola
 31952 | Vaults:1 | 31952 ||| Stepping ~*~*~tactically~*~*~ (hiding).
 31953 | Vaults:1 | 31953 ||| INVOKING Heroism.
 31954 | Vaults:1 | 31954 ||| Stepping ~*~*~tactically~*~*~ (hiding).
 32140 | Vaults:1 | 32140 ||| Stepping ~*~*~tactically~*~*~ (hiding).
 32141 | Vaults:1 | 32141 ||| Stepping ~*~*~tactically~*~*~ (hiding).
 32147 | Vaults:1 | Identified the +7 battleaxe "Vulosesi" {vamp, Int+4}
                  | (Okawaru gifted it to you on level 1 of the Vaults)
 32147 | Vaults:1 | Received a gift from Okawaru
 32331 | Vaults:1 | 32331 ||| INVOKING Heroism.
 32332 | Vaults:1 | 32332 ||| Stepping ~*~*~tactically~*~*~ (stealth).
 32400 | Vaults:1 | 32400 ||| Stepping ~*~*~tactically~*~*~ (hiding).
 32660 | Vaults:1 | 32660 ||| Stepping ~*~*~tactically~*~*~ (stealth).
 32664 | Vaults:1 | 32664 ||| Stepping ~*~*~tactically~*~*~ (hiding).
 32730 | Vaults:1 | 32730 ||| INVOKING Finesse.
 32747 | Vaults:1 | Reached skill level 15 in Armour
 32776 | Vaults:1 | 32776 ||| Stepping ~*~*~tactically~*~*~ (stealth).
 32958 | Vaults:1 | 32958 ||| Stepping ~*~*~tactically~*~*~ (stealth).
 32981 | Vaults:1 | Reached XP level 19. HP: 118/124 MP: 26/26
 33025 | Vaults:1 | 33025 ||| DROPPING +2 ice dragon scales.
 33094 | Vaults:2 | 33094 ||| INVOKING Heroism.
 33095 | Vaults:2 | 33095 ||| INVOKING Finesse.
 33135 | Vaults:2 | Received a gift from Okawaru
 33182 | Vaults:2 | Received a gift from Okawaru
 33183 | Vaults:2 | 33183 ||| Stepping ~*~*~tactically~*~*~ (hiding).
 33184 | Vaults:2 | 33184 ||| INVOKING Heroism.
 33194 | Vaults:2 | 33194 ||| Stepping ~*~*~tactically~*~*~ (hiding).
 33205 | Vaults:2 | 33205 ||| Stepping ~*~*~tactically~*~*~ (hiding).
 33206 | Vaults:2 | 33206 ||| Stepping ~*~*~tactically~*~*~ (hiding).
 33311 | Vaults:2 | 33311 ||| FLEEEEING.
 33312 | Vaults:2 | 33312 ||| FLEEEEING.
 33313 | Vaults:2 | 33313 ||| STAIRDANCE
 33478 | Vaults:2 | 33478 ||| STAIRDANCE
 33492 | Vaults:2 | 33492 ||| STAIRDANCE
 33668 | Vaults:2 | Reached skill level 16 in Fighting
 33833 | Vaults:2 | 33833 ||| Stepping ~*~*~tactically~*~*~ (stealth).
 33836 | Vaults:2 | 33836 ||| Stepping ~*~*~tactically~*~*~ (stealth).
 33838 | Vaults:2 | 33838 ||| INVOKING Heroism.
 34076 | Vaults:2 | 34076 ||| READING 14 scrolls of teleportation.
 34147 | Vaults:2 | 34147 ||| INVOKING Heroism.
 34439 | Vaults:2 | 34439 ||| INVOKING Heroism.
 34485 | Vaults:2 | 34485 ||| FLEEEEING.
 34486 | Vaults:2 | 34486 ||| FLEEEEING.
 34487 | Vaults:2 | 34487 ||| FLEEEEING.
 34488 | Vaults:2 | 34488 ||| FLEEEEING.
 34489 | Vaults:2 | 34489 ||| FLEEEEING.
 34490 | Vaults:2 | 34490 ||| FLEEEEING.
 34491 | Vaults:2 | 34491 ||| FLEEEEING.
 34498 | Vaults:2 | 34498 ||| FLEEEEING.
 34499 | Vaults:2 | 34499 ||| FLEEEEING.
 34500 | Vaults:2 | 34500 ||| FLEEEEING.
 34501 | Vaults:2 | 34501 ||| FLEEEEING.
 34502 | Vaults:2 | 34502 ||| FLEEEEING.
 34503 | Vaults:2 | 34503 ||| FLEEEEING.
 34504 | Vaults:2 | 34504 ||| FLEEEEING.
 34505 | Vaults:2 | 34505 ||| FLEEEEING.
 34506 | Vaults:2 | 34506 ||| FLEEEEING.
 34507 | Vaults:2 | 34507 ||| FLEEEEING.
 34508 | Vaults:2 | 34508 ||| FLEEEEING.
 34509 | Vaults:2 | 34509 ||| FLEEEEING.
 34510 | Vaults:2 | 34510 ||| FLEEEEING.
 34511 | Vaults:2 | 34511 ||| FLEEEEING.
 34512 | Vaults:2 | 34512 ||| FLEEEEING.
 34513 | Vaults:2 | 34513 ||| FLEEEEING.
 34514 | Vaults:2 | 34514 ||| FLEEEEING.
 34515 | Vaults:2 | 34515 ||| FLEEEEING.
 34516 | Vaults:2 | 34516 ||| FLEEEEING.
 34517 | Vaults:2 | 34517 ||| FLEEEEING.
 34518 | Vaults:2 | 34518 ||| FLEEEEING.
 34519 | Vaults:2 | 34519 ||| FLEEEEING.
 34520 | Vaults:2 | 34520 ||| FLEEEEING.
 34521 | Vaults:2 | 34521 ||| FLEEEEING.
 34523 | Vaults:2 | 34523 ||| Stepping ~*~*~tactically~*~*~ (hiding).
 34551 | Vaults:2 | 34551 ||| Stepping ~*~*~tactically~*~*~ (stealth).
 34552 | Vaults:2 | 34552 ||| Stepping ~*~*~tactically~*~*~ (stealth).
 34675 | Vaults:2 | 34675 ||| Stepping ~*~*~tactically~*~*~ (stealth).
 34792 | Vaults:2 | 34792 ||| INVOKING Heroism.
 35177 | Vaults:2 | 35177 ||| INVOKING Heroism.
 35207 | Vaults:2 | Found Cariola's Weapon Shop.
 35636 | Vaults:3 | 35636 ||| INVOKING Heroism.
 35642 | Vaults:3 | Noticed Saint Roka
 35643 | Vaults:3 | 35643 ||| Stepping ~*~*~tactically~*~*~ (hiding).
 35647 | Vaults:3 | 35647 ||| INVOKING Finesse.
 35666 | Vaults:3 | Killed Saint Roka
 35733 | Vaults:3 | 35733 ||| Stepping ~*~*~tactically~*~*~ (stealth).
 35766 | Vaults:3 | 35766 ||| Stepping ~*~*~tactically~*~*~ (stealth).
 35768 | Vaults:3 | 35768 ||| Stepping ~*~*~tactically~*~*~ (hiding).
 35773 | Vaults:3 | 35773 ||| INVOKING Heroism.
 35789 | Vaults:3 | Reached skill level 17 in Fighting
 35802 | Vaults:3 | Received a gift from Okawaru
 35959 | Vaults:3 | 35959 ||| INVOKING Heroism.
 36063 | Vaults:3 | 36063 ||| Stepping ~*~*~tactically~*~*~ (hiding).
 36222 | Vaults:3 | 36222 ||| Stepping ~*~*~tactically~*~*~ (hiding).
 36237 | Vaults:3 | Found a staircase to the Crypt.
 36238 | Vaults:3 | 36238 ||| Stepping ~*~*~tactically~*~*~ (hiding).
 36325 | Vaults:3 | 36325 ||| INVOKING Heroism.
 36332 | Vaults:3 | Reached XP level 20. HP: 134/134 MP: 25/27
 36385 | Vaults:3 | 36385 ||| INVOKING Heroism.
 36408 | Vaults:3 | 36408 ||| Stepping ~*~*~tactically~*~*~ (hiding).
 36409 | Vaults:3 | 36409 ||| Stepping ~*~*~tactically~*~*~ (hiding).
 36419 | Vaults:3 | 36419 ||| Stepping ~*~*~tactically~*~*~ (hiding).
 36420 | Vaults:3 | 36420 ||| Stepping ~*~*~tactically~*~*~ (hiding).
 36422 | Vaults:3 | 36422 ||| Stepping ~*~*~tactically~*~*~ (hiding).
 36473 | Vaults:3 | 36473 ||| READING 13 scrolls of teleportation.
 36476 | Vaults:3 | 36476 ||| FLEEEEING.
 36503 | Vaults:3 | 36503 ||| READING 12 scrolls of teleportation.
 36507 | Vaults:3 | 36507 ||| Stepping ~*~*~tactically~*~*~ (hiding).
 36553 | Vaults:3 | 36553 ||| INVOKING Heroism.
 36596 | Vaults:3 | 36596 ||| Stepping ~*~*~tactically~*~*~ (stealth).
 36621 | Vaults:3 | Received a gift from Okawaru
 36634 | Vaults:3 | 36634 ||| INVOKING Heroism.
 36872 | Vaults:3 | Received a gift from Okawaru
 37071 | Abyss:3  | Cast into level 3 of the Abyss (a wizard)
 37072 | Abyss:3  | Found a corrupted altar of Lugonu.
 37075 | Abyss:3  | 37075 ||| INVOKING Heroism.
 37092 | Abyss:3  | 37092 ||| INVOKING Finesse.
 37205 | Abyss:3  | 37205 ||| Stepping ~*~*~tactically~*~*~ (stealth).
 37208 | Abyss:3  | 37208 ||| INVOKING Heroism.
 37227 | Abyss:3  | Reached skill level 18 in Fighting
 37259 | Abyss:3  | 37259 ||| Stepping ~*~*~tactically~*~*~ (stealth).
 37262 | Abyss:3  | 37262 ||| Stepping ~*~*~tactically~*~*~ (stealth).
 37299 | Abyss:3  | 37299 ||| Stepping ~*~*~tactically~*~*~ (stealth).
 37303 | Abyss:3  | 37303 ||| Stepping ~*~*~tactically~*~*~ (hiding).
 37304 | Abyss:3  | 37304 ||| INVOKING Heroism.
 37310 | Abyss:3  | 37310 ||| Stepping ~*~*~tactically~*~*~ (hiding).
 37339 | Abyss:3  | 37339 ||| Stepping ~*~*~tactically~*~*~ (hiding).
 37376 | Vaults:3 | Escaped the Abyss
 37394 | Vaults:3 | 37394 ||| Stepping ~*~*~tactically~*~*~ (hiding).
 37447 | Vaults:3 | 37447 ||| Stepping ~*~*~tactically~*~*~ (hiding).
 37455 | Vaults:3 | 37455 ||| INVOKING Heroism.
 37473 | Vaults:3 | Reached skill level 6 in Dodging
 37657 | Vaults:3 | 37657 ||| FLEEEEING.
 37658 | Vaults:3 | 37658 ||| FLEEEEING.
 37659 | Vaults:3 | 37659 ||| FLEEEEING.
 37660 | Vaults:3 | 37660 ||| FLEEEEING.
 37661 | Vaults:3 | 37661 ||| FLEEEEING.
 37662 | Vaults:3 | 37662 ||| FLEEEEING.
 37724 | Vaults:3 | 37724 ||| INVOKING Finesse.
 37783 | Vaults:3 | Identified the +0 pair of boots "Vunu" {Harm Will+}
                  | (Okawaru gifted it to you on level 3 of the Vaults)
 37783 | Vaults:3 | Received a gift from Okawaru
 37815 | Vaults:3 | 37815 ||| Stepping ~*~*~tactically~*~*~ (hiding).
 37838 | Vaults:3 | 37838 ||| READING 11 scrolls of teleportation.
 37897 | Vaults:3 | Noticed Margery
 37898 | Vaults:3 | 37898 ||| DRINKING 3 potions of resistance.
 37899 | Vaults:3 | 37899 ||| INVOKING Heroism.
 37900 | Vaults:3 | 37900 ||| INVOKING Finesse.
 37908 | Vaults:3 | HP: 31/136 [Margery/bolt of fire (28)]
 37909 | Vaults:3 | 37909 ||| READING 10 scrolls of teleportation.
 38318 | Vaults:3 | 38318 ||| DRINKING 2 potions of resistance.
 38319 | Vaults:3 | 38319 ||| INVOKING Heroism.
 38320 | Vaults:3 | 38320 ||| INVOKING Finesse.
 38337 | Vaults:3 | Killed Margery
 38627 | Vaults:3 | 38627 ||| READING 9 scrolls of teleportation.
 38654 | Vaults:3 | 38654 ||| Stepping ~*~*~tactically~*~*~ (stealth).
 38655 | Vaults:3 | 38655 ||| Stepping ~*~*~tactically~*~*~ (stealth).
 38664 | Vaults:3 | 38664 ||| INVOKING Heroism.
 38687 | Vaults:3 | 38687 ||| Stepping ~*~*~tactically~*~*~ (stealth).
 38688 | Vaults:3 | 38688 ||| Stepping ~*~*~tactically~*~*~ (stealth).
 38690 | Vaults:3 | 38690 ||| Stepping ~*~*~tactically~*~*~ (stealth).
 38691 | Vaults:3 | 38691 ||| Stepping ~*~*~tactically~*~*~ (stealth).
 38692 | Vaults:3 | 38692 ||| Stepping ~*~*~tactically~*~*~ (stealth).
 39024 | Vaults:4 | 39024 ||| STAIRDANCE
 39034 | Vaults:4 | 39034 ||| STAIRDANCE
 39038 | Vaults:3 | 39038 ||| INVOKING Heroism.
 39235 | Vaults:4 | 39235 ||| FLEEEEING.
 39236 | Vaults:4 | 39236 ||| STAIRDANCE
 39383 | Vaults:4 | Reached skill level 18 in Armour
 39487 | Vaults:4 | 39487 ||| Stepping ~*~*~tactically~*~*~ (hiding).
 39489 | Vaults:4 | 39489 ||| Stepping ~*~*~tactically~*~*~ (hiding).
 39491 | Vaults:4 | 39491 ||| INVOKING Heroism.
 39509 | Vaults:4 | Reached XP level 21. HP: 141/141 MP: 28/28
 39514 | Vaults:4 | 39514 ||| INVOKING Heroism.
 39521 | Vaults:4 | 39521 ||| Stepping ~*~*~tactically~*~*~ (hiding).
 39525 | Vaults:4 | 39525 ||| Stepping ~*~*~tactically~*~*~ (hiding).
 39531 | Abyss:3  | Cast into level 3 of the Abyss (a wizard)
 39649 | Abyss:3  | 39649 ||| DRINKING potion of resistance.
 39652 | Abyss:3  | 39652 ||| Stepping ~*~*~tactically~*~*~ (hiding).
 39664 | Abyss:3  | 39664 ||| INVOKING Heroism.
 39673 | Abyss:3  | 39673 ||| Stepping ~*~*~tactically~*~*~ (hiding).
 39679 | Abyss:3  | 39679 ||| Stepping ~*~*~tactically~*~*~ (hiding).
 39683 | Abyss:3  | Reached skill level 9 in Throwing
 39715 | Abyss:3  | 39715 ||| INVOKING Heroism.
 39730 | Vaults:4 | Escaped the Abyss
 39733 | Vaults:4 | 39733 ||| INVOKING Heroism.
 39745 | Vaults:4 | 39745 ||| Stepping ~*~*~tactically~*~*~ (stealth).
 39804 | Vaults:4 | 39804 ||| Stepping ~*~*~tactically~*~*~ (stealth).
 39805 | Vaults:4 | 39805 ||| Stepping ~*~*~tactically~*~*~ (stealth).
 39912 | Vaults:4 | 39912 ||| Stepping ~*~*~tactically~*~*~ (hiding).
 39957 | Vaults:4 | 39957 ||| INVOKING Heroism.
 39968 | Vaults:4 | 39968 ||| Stepping ~*~*~tactically~*~*~ (stealth).
 40055 | Vaults:4 | 40055 ||| Stepping ~*~*~tactically~*~*~ (stealth).
 40147 | Vaults:4 | 40147 ||| INVOKING Heroism.
 40154 | Vaults:4 | Received a gift from Okawaru
 40171 | Vaults:4 | Reached skill level 19 in Fighting
 40290 | Vaults:4 | 40290 ||| INVOKING Heroism.
 40297 | Vaults:4 | 40297 ||| Stepping ~*~*~tactically~*~*~ (hiding).
 40309 | Vaults:4 | Received a gift from Okawaru
 40314 | Vaults:4 | 40314 ||| Stepping ~*~*~tactically~*~*~ (hiding).
 40340 | Vaults:4 | Paralysed by a great orb of eyes for 4 turns
 40424 | Vaults:4 | 40424 ||| Stepping ~*~*~tactically~*~*~ (hiding).
 40512 | Vaults:4 | 40512 ||| INVOKING Heroism.
 40706 | Vaults:4 | 40706 ||| Stepping ~*~*~tactically~*~*~ (stealth).
 40712 | Vaults:4 | 40712 ||| INVOKING Heroism.
 40803 | Vaults:4 | 40803 ||| Stepping ~*~*~tactically~*~*~ (hiding).
 40804 | Vaults:4 | 40804 ||| Stepping ~*~*~tactically~*~*~ (hiding).
 40992 | Vaults:4 | 40992 ||| INVOKING Heroism.
 41159 | Vaults:4 | 41159 ||| INVOKING Heroism.
 41161 | Vaults:4 | Paralysed by a great orb of eyes for 2 turns
 41168 | Vaults:4 | 41168 ||| DRINKING 9 potions of curing.
 41168 | Vaults:4 | 41168 ||| (to cure confusion)
 41212 | Vaults:4 | 41212 ||| Stepping ~*~*~tactically~*~*~ (hiding).
 41213 | Vaults:4 | 41213 ||| Stepping ~*~*~tactically~*~*~ (hiding).
 41324 | Vaults:4 | 41324 ||| Stepping ~*~*~tactically~*~*~ (hiding).
 41326 | Vaults:4 | 41326 ||| Stepping ~*~*~tactically~*~*~ (hiding).
 41338 | Vaults:4 | 41338 ||| Stepping ~*~*~tactically~*~*~ (hiding).
 41453 | Vaults:4 | 41453 ||| PLANNING SPIDER:4
 41453 | Vaults:4 | 41453 ||| DROPPING +6 ring of intelligence.
 41820 | Spider:4 | Entered Level 4 of the Spider Nest
 41824 | Spider:4 | 41824 ||| FLEEEEING.
 41825 | Spider:4 | 41825 ||| STAIRDANCE
 41868 | Spider:4 | 41868 ||| Stepping ~*~*~tactically~*~*~ (stealth).
 41869 | Spider:4 | 41869 ||| Stepping ~*~*~tactically~*~*~ (stealth).
 41891 | Spider:4 | 41891 ||| FLEEEEING.
 41892 | Spider:4 | 41892 ||| FLEEEEING.
 41894 | Spider:4 | 41894 ||| Stepping ~*~*~tactically~*~*~ (stealth).
 41895 | Spider:4 | 41895 ||| FLEEEEING.
 41929 | Spider:4 | 41929 ||| Stepping ~*~*~tactically~*~*~ (stealth).
 41949 | Spider:4 | 41949 ||| Stepping ~*~*~tactically~*~*~ (hiding).
 41951 | Spider:4 | 41951 ||| INVOKING Heroism.
 42072 | Spider:4 | 42072 ||| Stepping ~*~*~tactically~*~*~ (stealth).
 42082 | Spider:4 | 42082 ||| Stepping ~*~*~tactically~*~*~ (hiding).
 42164 | Spider:4 | 42164 ||| INVOKING Heroism.
 42169 | Spider:4 | Received a gift from Okawaru
 42178 | Spider:4 | 42178 ||| Stepping ~*~*~tactically~*~*~ (stealth).
 42179 | Spider:4 | 42179 ||| Stepping ~*~*~tactically~*~*~ (stealth).
 42182 | Spider:4 | 42182 ||| Stepping ~*~*~tactically~*~*~ (hiding).
 42213 | Spider:4 | Noticed Bai Suzhen
 42214 | Spider:4 | 42214 ||| Stepping ~*~*~tactically~*~*~ (stealth).
 42218 | Spider:4 | Found a large runed translucent door.
 42220 | Spider:4 | Found a large runed translucent door.
 42229 | Spider:4 | 42229 ||| Stepping ~*~*~tactically~*~*~ (hiding).
 42230 | Spider:4 | 42230 ||| Stepping ~*~*~tactically~*~*~ (hiding).
 42238 | Spider:4 | Killed Bai Suzhen
 42239 | Spider:4 | Noticed cfbundy's ghost (adept FoFi)
 42306 | Spider:4 | 42306 ||| Stepping ~*~*~tactically~*~*~ (stealth).
 42308 | Spider:4 | 42308 ||| INVOKING Heroism.
 42410 | Spider:4 | 42410 ||| Stepping ~*~*~tactically~*~*~ (hiding).
 42438 | Spider:4 | 42438 ||| FLEEEEING.
 42440 | Spider:4 | 42440 ||| Stepping ~*~*~tactically~*~*~ (stealth).
 42442 | Spider:4 | Identified the +4 tower shield of Sisueh {Str+2} (Okawaru
                  | gifted it to you on level 4 of the Spider Nest)
 42442 | Spider:4 | Received a gift from Okawaru
 42443 | Spider:4 | 42443 ||| INVOKING Heroism.
 42456 | Spider:4 | 42456 ||| Stepping ~*~*~tactically~*~*~ (hiding).
 42469 | Spider:4 | 42469 ||| Stepping ~*~*~tactically~*~*~ (stealth).
 42491 | Spider:4 | 42491 ||| Stepping ~*~*~tactically~*~*~ (stealth).
 42503 | Spider:4 | 42503 ||| Stepping ~*~*~tactically~*~*~ (stealth).
 42507 | Spider:4 | 42507 ||| Stepping ~*~*~tactically~*~*~ (stealth).
 42508 | Spider:4 | 42508 ||| Stepping ~*~*~tactically~*~*~ (hiding).
 42551 | Spider:4 | 42551 ||| Stepping ~*~*~tactically~*~*~ (stealth).
 42552 | Spider:4 | 42552 ||| Stepping ~*~*~tactically~*~*~ (stealth).
 42559 | Spider:4 | 42559 ||| Stepping ~*~*~tactically~*~*~ (hiding).
 42562 | Spider:4 | 42562 ||| Stepping ~*~*~tactically~*~*~ (hiding).
 42566 | Spider:4 | 42566 ||| INVOKING Heroism.
 42570 | Spider:4 | Reached XP level 22. HP: 151/151 MP: 20/29
 42577 | Spider:4 | 42577 ||| INVOKING Finesse.
 42592 | Spider:4 | Reached skill level 20 in Fighting
 42720 | Spider:4 | Got a gossamer rune of Zot
 43041 | Spider:4 | 43041 ||| PLANNING DEPTHS
 43041 | Spider:4 | 43041 ||| DROPPING +0 pair of gloves of strength.
 43216 | Depths:1 | Entered Level 1 of the Depths
 43262 | Depths:1 | 43262 ||| INVOKING Heroism.
 43263 | Depths:1 | 43263 ||| INVOKING Finesse.
 43270 | Depths:1 | 43270 ||| Stepping ~*~*~tactically~*~*~ (hiding).
 43273 | Depths:1 | 43273 ||| Stepping ~*~*~tactically~*~*~ (hiding).
 43274 | Depths:1 | 43274 ||| Stepping ~*~*~tactically~*~*~ (hiding).
 43308 | Depths:1 | 43308 ||| Stepping ~*~*~tactically~*~*~ (stealth).
 43309 | Depths:1 | 43309 ||| Stepping ~*~*~tactically~*~*~ (stealth).
 43398 | Depths:1 | Found a one-way gateway to a ziggurat.
 43432 | Depths:1 | 43432 ||| INVOKING Heroism.
 43433 | Depths:1 | 43433 ||| INVOKING Finesse.
 43456 | Depths:1 | 43456 ||| Stepping ~*~*~tactically~*~*~ (stealth).
 43540 | Depths:1 | 43540 ||| INVOKING Heroism.
 43612 | Depths:1 | Found an ancient bone altar of Kikubaaqudgha.
 44054 | Depths:1 | Found a gateway to Hell.
 44071 | Depths:1 | 44071 ||| INVOKING Heroism.
 44210 | Depths:1 | 44210 ||| INVOKING Heroism.
 44211 | Depths:1 | 44211 ||| INVOKING Finesse.
 44350 | Depths:1 | 44350 ||| Stepping ~*~*~tactically~*~*~ (hiding).
 44358 | Depths:1 | 44358 ||| INVOKING Heroism.
 44359 | Depths:1 | 44359 ||| INVOKING Finesse.
 44645 | Depths:1 | 44645 ||| Stepping ~*~*~tactically~*~*~ (hiding).
 44843 | Depths:1 | 44843 ||| Stepping ~*~*~tactically~*~*~ (hiding).
 44899 | Depths:2 | 44899 ||| Stepping ~*~*~tactically~*~*~ (stealth).
 44900 | Depths:2 | 44900 ||| Stepping ~*~*~tactically~*~*~ (stealth).
 44932 | Depths:2 | 44932 ||| INVOKING Heroism.
 44940 | Depths:2 | 44940 ||| INVOKING Finesse.
 44944 | Depths:2 | 44944 ||| Stepping ~*~*~tactically~*~*~ (hiding).
 44945 | Depths:2 | 44945 ||| Stepping ~*~*~tactically~*~*~ (hiding).
 44959 | Depths:2 | Reached skill level 21 in Shields
 44961 | Depths:2 | Noticed Sojobo
 44973 | Depths:2 | Paralysed by an air elemental for 1 turns
 44984 | Depths:2 | Paralysed by an air elemental for 1 turns
 44985 | Depths:2 | Killed Sojobo
 44985 | Depths:2 | Received a gift from Okawaru
 45197 | Depths:2 | 45197 ||| INVOKING Heroism.
 45198 | Depths:2 | 45198 ||| INVOKING Finesse.
 45513 | Depths:2 | 45513 ||| INVOKING Heroism.
 45514 | Depths:2 | 45514 ||| INVOKING Finesse.
 45571 | Depths:2 | Identified the +6 halberd of Deuwug {protect, rN++ Dex-2}
 45714 | Depths:2 | 45714 ||| INVOKING Heroism.
 45715 | Depths:2 | 45715 ||| INVOKING Finesse.
 45753 | Depths:2 | Reached skill level 21 in Fighting
 45947 | Depths:2 | 45947 ||| Stepping ~*~*~tactically~*~*~ (cloud).
 45949 | Depths:2 | 45949 ||| Stepping randomly (cloudy).
 46080 | Depths:2 | Found a one-way gate leading to the halls of Pandemonium.
 46146 | Depths:2 | Found Jeowov's Book Shoppe.
 46146 | Depths:2 | Found Umegohul's Jewellery Boutique.
 46147 | Depths:2 | Found Ulonut's Book Shoppe.
 46176 | Depths:2 | 46176 ||| INVOKING Heroism.
 46177 | Depths:2 | 46177 ||| INVOKING Finesse.
 46264 | Depths:2 | 46264 ||| Stepping ~*~*~tactically~*~*~ (hiding).
 46266 | Depths:2 | 46266 ||| Stepping ~*~*~tactically~*~*~ (hiding).
 46269 | Depths:2 | 46269 ||| INVOKING Heroism.
 46270 | Depths:2 | 46270 ||| INVOKING Finesse.
 46275 | Depths:2 | Received a gift from Okawaru
 46368 | Depths:2 | 46368 ||| DROPPING +2 pair of gloves of infusion.
 46369 | Depths:2 | 46369 ||| DROPPING +4 ring of slaying {mikee}.
 46403 | Depths:3 | 46403 ||| STAIRDANCE
 46412 | Depths:3 | 46412 ||| INVOKING Heroism.
 46413 | Depths:3 | 46413 ||| STAIRDANCE
 46524 | Depths:3 | 46524 ||| STAIRDANCE
 46535 | Depths:3 | 46535 ||| INVOKING Heroism.
 46536 | Depths:3 | 46536 ||| INVOKING Finesse.
 46542 | Depths:3 | Reached XP level 23. HP: 160/160 MP: 23/30
 46615 | Depths:3 | 46615 ||| Stepping ~*~*~tactically~*~*~ (cloud).
 46674 | Depths:3 | 46674 ||| INVOKING Heroism.
 46712 | Depths:3 | Found a corrupted altar of Lugonu.
 46730 | Depths:3 | 46730 ||| Stepping ~*~*~tactically~*~*~ (hiding).
 46755 | Depths:3 | 46755 ||| INVOKING Heroism.
 46944 | Depths:3 | You are sucked into a shaft and drop 1 floor!
 46944 | Depths:4 | Entered Level 4 of the Depths
 46945 | Depths:4 | 46945 ||| INVOKING Heroism.
 46946 | Depths:4 | 46946 ||| INVOKING Finesse.
 46989 | Depths:4 | 46989 ||| Stepping ~*~*~tactically~*~*~ (hiding).
 46990 | Depths:4 | 46990 ||| INVOKING Heroism.
 46991 | Depths:4 | 46991 ||| INVOKING Finesse.
 47007 | Depths:4 | 47007 ||| Stepping ~*~*~tactically~*~*~ (cloud).
 47047 | Depths:4 | 47047 ||| Stepping ~*~*~tactically~*~*~ (hiding).
 47050 | Depths:4 | 47050 ||| INVOKING Heroism.
 47051 | Depths:4 | 47051 ||| INVOKING Finesse.
 47075 | Depths:4 | Reached skill level 21 in Armour
 47075 | Depths:4 | Noticed a golden dragon
 47084 | Depths:4 | Killed a golden dragon
 47085 | Depths:4 | Found a gate to the Realm of Zot.
 47085 | Depths:4 | Noticed a golden dragon
 47086 | Depths:4 | 47086 ||| INVOKING Heroism.
 47112 | Depths:4 | Killed a golden dragon
 47118 | Depths:4 | Noticed a golden dragon
 47126 | Depths:4 | HP: 36/160 [yellow draconian annihilator/crystal spear
                  | (28)]
 47127 | Depths:4 | 47127 ||| READING 10 scrolls of teleportation.
 47128 | Depths:4 | 47128 ||| DRINKING 2 potions of heal wounds.
 47129 | Depths:4 | 47129 ||| DRINKING potion of heal wounds.
 47467 | Depths:4 | 47467 ||| Stepping ~*~*~tactically~*~*~ (stealth).
 47468 | Depths:4 | 47468 ||| Stepping ~*~*~tactically~*~*~ (stealth).
 47477 | Depths:4 | 47477 ||| Stepping ~*~*~tactically~*~*~ (stealth).
 47478 | Depths:4 | 47478 ||| Stepping ~*~*~tactically~*~*~ (stealth).
 47480 | Depths:4 | 47480 ||| Stepping ~*~*~tactically~*~*~ (stealth).
 47482 | Depths:4 | 47482 ||| Stepping ~*~*~tactically~*~*~ (stealth).
 47490 | Depths:4 | 47490 ||| INVOKING Heroism.
 47498 | Depths:4 | 47498 ||| Stepping ~*~*~tactically~*~*~ (hiding).
 47499 | Depths:4 | 47499 ||| Stepping ~*~*~tactically~*~*~ (hiding).
 47500 | Depths:4 | 47500 ||| Stepping ~*~*~tactically~*~*~ (hiding).
 47537 | Depths:4 | 47537 ||| INVOKING Heroism.
 47555 | Depths:4 | Killed a golden dragon
 47722 | Depths:4 | 47722 ||| UPGRADING to +0 gold dragon scales.
 47732 | Depths:4 | 47732 ||| DROPPING +1 fire dragon scales.
 47828 | Depths:3 | 47828 ||| Stepping ~*~*~tactically~*~*~ (stealth).
 47832 | Depths:3 | 47832 ||| Stepping ~*~*~tactically~*~*~ (stealth).
 47927 | Depths:3 | 47927 ||| INVOKING Heroism.
 48085 | Depths:3 | 48085 ||| INVOKING Heroism.
 48087 | Depths:3 | 48087 ||| Stepping ~*~*~tactically~*~*~ (stealth).
 48137 | Depths:3 | 48137 ||| Stepping ~*~*~tactically~*~*~ (stealth).
 48143 | Depths:3 | 48143 ||| INVOKING Heroism.
 48178 | Depths:3 | Identified the +0 scale mail of the Fletcher {-Tele Harm
                  | Dex+3}
 48388 | Depths:3 | 48388 ||| INVOKING Heroism.
 48407 | Depths:3 | 48407 ||| INVOKING Heroism.
 48423 | Depths:3 | 48423 ||| FLEEEEING.
 48424 | Depths:3 | 48424 ||| FLEEEEING.
 48425 | Depths:3 | 48425 ||| FLEEEEING.
 48426 | Depths:3 | 48426 ||| FLEEEEING.
 48427 | Depths:3 | 48427 ||| FLEEEEING.
 48428 | Depths:3 | 48428 ||| FLEEEEING.
 48535 | Depths:3 | 48535 ||| STAIRDANCE
 48656 | Depths:3 | 48656 ||| INVOKING Heroism.
 48690 | Depths:3 | 48690 ||| Stepping ~*~*~tactically~*~*~ (stealth).
 48691 | Depths:3 | 48691 ||| Stepping ~*~*~tactically~*~*~ (stealth).
 48727 | Depths:3 | 48727 ||| INVOKING Heroism.
 48758 | Depths:3 | 48758 ||| INVOKING Heroism.
 48762 | Depths:3 | HP: 40/161 [fire giant/bolt of fire (4)]
 48763 | Depths:3 | 48763 ||| READING 10 scrolls of teleportation.
 48767 | Depths:3 | 48767 ||| FLEEEEING.
 48779 | Depths:3 | 48779 ||| Stepping ~*~*~tactically~*~*~ (stealth).
 48884 | Depths:3 | 48884 ||| INVOKING Heroism.
 48893 | Depths:3 | Reached skill level 22 in Fighting
 49486 | Depths:3 | 49486 ||| READING scroll of enchant weapon.
 49486 | Depths:3 | 49486 ||| ENCHANTING +7 broad axe of venom.
 49487 | Depths:3 | 49487 ||| DROPPING +3 broad axe of electrocution.
 49574 | Depths:4 | 49574 ||| INVOKING Heroism.
 49668 | Depths:4 | 49668 ||| INVOKING Heroism.
 49680 | Depths:4 | Received a gift from Okawaru
 49751 | Depths:4 | 49751 ||| INVOKING Heroism.
 50016 | Depths:4 | 50016 ||| INVOKING Heroism.
 50017 | Depths:4 | 50017 ||| INVOKING Finesse.
 50085 | Depths:4 | 50085 ||| INVOKING Heroism.
 50110 | Depths:4 | Found a runed translucent gate.
 50110 | Depths:4 | Found a runed translucent gate.
 50112 | Depths:4 | Found a runed translucent gate.
 50114 | Depths:4 | Noticed a caustic shrike
 50114 | Depths:4 | Noticed qw's ghost (veteran GrFi)
 50177 | Depths:4 | 50177 ||| Stepping ~*~*~tactically~*~*~ (stealth).
 50179 | Depths:4 | 50179 ||| Stepping ~*~*~tactically~*~*~ (stealth).
 50181 | Depths:4 | 50181 ||| FLEEEEING.
 50182 | Depths:4 | 50182 ||| FLEEEEING.
 50183 | Depths:4 | 50183 ||| FLEEEEING.
 50184 | Depths:4 | 50184 ||| FLEEEEING.
 50185 | Depths:4 | 50185 ||| FLEEEEING.
 50186 | Depths:4 | 50186 ||| FLEEEEING.
 50187 | Depths:4 | 50187 ||| FLEEEEING.
 50188 | Depths:4 | 50188 ||| STAIRDANCE
 50237 | Depths:3 | 50237 ||| DROPPING ring of positive energy.
 50240 | Depths:4 | 50240 ||| STAIRDANCE
 50269 | Depths:4 | 50269 ||| STAIRDANCE
 50277 | Depths:3 | Received a gift from Okawaru
 50292 | Depths:4 | 50292 ||| STAIRDANCE
 50365 | Depths:4 | 50365 ||| INVOKING Heroism.
 50366 | Depths:4 | 50366 ||| INVOKING Finesse.
 50369 | Depths:4 | Reached XP level 24. HP: 168/168 MP: 23/30
 50475 | Depths:4 | 50475 ||| INVOKING Heroism.
 50507 | Depths:4 | 50507 ||| Stepping ~*~*~tactically~*~*~ (hiding).
 50764 | Depths:4 | 50764 ||| PLANNING VAULTS:5
 51065 | Vaults:5 | Entered Level 5 of the Vaults
 51066 | Vaults:5 | 51066 ||| INVOKING Heroism.
 51067 | Vaults:5 | 51067 ||| STAIRDANCE
 51067 | Vaults:5 | Noticed Frederick
 51107 | Vaults:5 | 51107 ||| STAIRDANCE
 51109 | Vaults:4 | 51109 ||| INVOKING Heroism.
 51137 | Vaults:5 | 51137 ||| STAIRDANCE
 51141 | Vaults:4 | 51141 ||| INVOKING Heroism.
 51163 | Vaults:5 | 51163 ||| STAIRDANCE
 51174 | Vaults:4 | Received a gift from Okawaru
 51185 | Vaults:5 | 51185 ||| STAIRDANCE
 51230 | Vaults:5 | 51230 ||| INVOKING Heroism.
 51231 | Vaults:5 | 51231 ||| STAIRDANCE
 51283 | Vaults:5 | 51283 ||| STAIRDANCE
 51405 | Vaults:5 | Noticed an ancient lich
 51406 | Vaults:5 | 51406 ||| INVOKING Heroism.
 51407 | Vaults:5 | 51407 ||| INVOKING Finesse.
 51408 | Vaults:5 | 51408 ||| STAIRDANCE
 51451 | Vaults:5 | Noticed Jory
 51460 | Vaults:5 | Killed an ancient lich
 51468 | Vaults:5 | 51468 ||| INVOKING Heroism.
 51471 | Vaults:5 | 51471 ||| DRINKING 12 potions of curing.
 51471 | Vaults:5 | 51471 ||| (to cure confusion)
 51472 | Vaults:5 | 51472 ||| STAIRDANCE
 51485 | Vaults:4 | Killed Jory
 51491 | Vaults:4 | Received a gift from Okawaru
 51665 | Vaults:5 | 51665 ||| STAIRDANCE
 51667 | Vaults:4 | 51667 ||| INVOKING Heroism.
 51673 | Vaults:4 | Reached skill level 23 in Fighting
 51757 | Vaults:5 | 51757 ||| STAIRDANCE
 51759 | Vaults:4 | 51759 ||| INVOKING Heroism.
 51766 | Vaults:4 | Received a gift from Okawaru
 51856 | Vaults:5 | 51856 ||| STAIRDANCE
 51885 | Vaults:5 | 51885 ||| STAIRDANCE
 51901 | Vaults:5 | 51901 ||| INVOKING Heroism.
 51902 | Vaults:5 | 51902 ||| INVOKING Finesse.
 51905 | Vaults:5 | 51905 ||| STAIRDANCE
 51949 | Vaults:5 | 51949 ||| STAIRDANCE
 51951 | Vaults:4 | 51951 ||| INVOKING Heroism.
 51956 | Vaults:4 | Killed Frederick
 52011 | Vaults:5 | 52011 ||| STAIRDANCE
 52107 | Vaults:5 | 52107 ||| STAIRDANCE
 52111 | Vaults:4 | Received a gift from Okawaru
 52181 | Vaults:5 | 52181 ||| INVOKING Heroism.
 52182 | Vaults:5 | 52182 ||| STAIRDANCE
 52182 | Vaults:5 | Identified the +2 great mace of Dapo {vorpal, Dex+3}
 52193 | Vaults:5 | 52193 ||| STAIRDANCE
 52197 | Vaults:4 | Received a gift from Okawaru
 52233 | Vaults:5 | 52233 ||| STAIRDANCE
 52263 | Vaults:5 | 52263 ||| INVOKING Heroism.
 52297 | Vaults:5 | HP: 35/172 [war gargoyle/spray of metal splinters (13)]
 52298 | Vaults:5 | 52298 ||| READING 9 scrolls of teleportation.
 52300 | Vaults:5 | 52300 ||| DRINKING 11 potions of curing.
 52300 | Vaults:5 | 52300 ||| (to cure confusion)
 52313 | Vaults:5 | 52313 ||| INVOKING Heroism.
 52360 | Vaults:5 | Paralysed by a sphinx for 3 turns
 52662 | Vaults:5 | 52662 ||| INVOKING Heroism.
 52680 | Vaults:5 | 52680 ||| Stepping ~*~*~tactically~*~*~ (hiding).
 52684 | Vaults:5 | 52684 ||| Stepping ~*~*~tactically~*~*~ (hiding).
 52719 | Vaults:5 | 52719 ||| INVOKING Heroism.
 52727 | Vaults:5 | Reached skill level 24 in Fighting
 52740 | Vaults:5 | 52740 ||| Stepping ~*~*~tactically~*~*~ (hiding).
 52756 | Vaults:5 | Received a gift from Okawaru
 52758 | Vaults:5 | HP: 35/173 [golden dragon/bolt of fire (19)]
 52759 | Vaults:5 | 52759 ||| READING 8 scrolls of teleportation.
 52787 | Vaults:5 | 52787 ||| READING 7 scrolls of teleportation.
 52788 | Vaults:5 | 52788 ||| INVOKING Heroism.
 52795 | Vaults:5 | 52795 ||| READING 6 scrolls of teleportation.
 52803 | Vaults:5 | 52803 ||| READING 5 scrolls of teleportation.
 52830 | Vaults:5 | 52830 ||| INVOKING Heroism.
 52830 | Vaults:5 | HP: 39/173 [yaktaur/bolt[a yaktaur captain] (10)]
 52831 | Vaults:5 | 52831 ||| READING 4 scrolls of teleportation.
 52884 | Vaults:5 | 52884 ||| INVOKING Heroism.
 52912 | Vaults:5 | 52912 ||| Stepping ~*~*~tactically~*~*~ (hiding).
 52934 | Vaults:5 | 52934 ||| Stepping ~*~*~tactically~*~*~ (hiding).
 53468 | Vaults:5 | 53468 ||| Stepping ~*~*~tactically~*~*~ (hiding).
 53488 | Vaults:5 | 53488 ||| Stepping ~*~*~tactically~*~*~ (stealth).
 53490 | Vaults:5 | 53490 ||| Stepping ~*~*~tactically~*~*~ (hiding).
 53569 | Vaults:5 | Got a silver rune of Zot
 53655 | Vaults:5 | Identified the +6 arbalest of Uncertain Death {elec, rElec
                  | Int+3}
 53893 | Vaults:5 | Identified the +8 plate armour "Ojofuat" {rC+}
 53932 | Vaults:5 | 53932 ||| INVOKING Heroism.
 53952 | Vaults:5 | Identified the +3 morningstar of Crusades {flame, Int+6}
 53964 | Vaults:5 | Found Pojess's Magic Scroll Boutique.
 53969 | Vaults:5 | 53969 ||| BUYING scroll of teleportation (57 gold).
 53969 | Vaults:5 | Bought a scroll of teleportation for 57 gold pieces
 54170 | Vaults:5 | 54170 ||| PLANNING SHOPPING SPREE
 54170 | Vaults:5 | 54170 ||| DROPPING +4 plate armour of cold resistance.
 54171 | Vaults:5 | 54171 ||| UPGRADING to +8 plate armour "Ojofuat" {rC+}.
 54181 | Vaults:5 | 54181 ||| DROPPING ring of fire.
 54182 | Vaults:5 | 54182 ||| PLANNING ZOT:1-4
 54211 | Vaults:5 | 54211 ||| UPGRADING to +0 helmet of Okawaru's Generosity
                  | {rF+ Int+4 Dex-4}.
 54216 | Vaults:5 | 54216 ||| Stepping ~*~*~tactically~*~*~ (hiding).
 54218 | Vaults:5 | 54218 ||| INVOKING Heroism.
 54342 | Vaults:5 | 54342 ||| UPGRADING to +2 helmet.
 54347 | Vaults:5 | 54347 ||| UPGRADING to +0 helmet of Okawaru's Generosity
                  | {rF+ Int+4 Dex-4}.
 54657 | Zot:1    | Entered Level 1 of the Realm of Zot
 54658 | Zot:1    | 54658 ||| INVOKING Heroism.
 54672 | Zot:1    | Noticed a curse toe
 54673 | Zot:1    | Reached skill level 12 in Throwing
 54673 | Zot:1    | Received a gift from Okawaru
 54680 | Zot:1    | Reached XP level 25. HP: 75/179 MP: 30/30
 54684 | Zot:1    | HP: 36/179 [black draconian knight/+0 bardiche (15)]
 54685 | Zot:1    | 54685 ||| READING 4 scrolls of teleportation.
 54685 | Zot:1    | Mangled by a green draconian

Levels and vault maps discovered:
D:1:      wander_arrival_chamber, layout_rooms, amethyst_killhole,
          dk_noncrumbling_2
D:2:      layout_rooms, chequers_ecumenical_altar_grove, chequers_arboretum
D:3:      layout_loops_cross, xom_butterflies, mainiacjoe_overflow_alcove_4,
          ebering_ghost_disaster_area, serial_co_window_serial,
          co_window_corner_a, co_window_paths_b, co_window_corner_a,
          co_window_of_opportunity_a, co_window_cross_1, co_window_paths_b,
          co_window_corner_a, co_window_paths_c, co_window_of_opportunity_b,
          co_window_paths_c, co_window_paths_d, glass_columns_b, glass_columns_c
D:4:      layout_basic, kennysheep_mini, minmay_temple_entry_large_hall
D:5:      layout_basic, mainiacjoe_overflow_small_starburst,
          nicolae_overflow_hidden_temple, chequers_mini_garden,
          serial_park_tiny_1
D:6:      layout_rooms, mainiacjoe_overflow_alcove_1
D:7:      layout_cave_pools, serial_co_window_serial, co_window_corner_a,
          co_window_paths_b, co_window_paths_a, co_window_paths_a,
          co_window_corner_a, co_window_of_opportunity_b, co_window_2corner,
          co_window_unsneaky_path_e, co_window_broadway_c, co_window_paths_c,
          glass_columns_b, st_stairs_14
D:8:      layout_basic, led_sif_pool
D:9:      layout_basic, zombieorc1_lemuel, serial_bayou_ford_a,
          dreamdust_princess_bridge, corexii_checkpoint_b, minivault_10
D:10:     layout_roguey, due_unseen_surprise, uniq_gastronok
D:11:     layout_rooms, david_lair_shrubbed, kennysheep_generic_room_11
D:12:     layout_rooms
D:13:     layout_layer_cave, uniq_rupert, uniq_lodul
D:14:     layout_basic, lightli_vaults_fourway_checkpoint, serial_bayou_pond_a,
          chequers_serial_rivers_micro_e, eino_small_chamber_without_monster
D:15:     hangedman_depths_entry_civil_slaughter, layout_stronghold,
          grunt_decor_fettered
Temple:   eino_temple_water
Lair:1:   layout_cave_pods, lemuel_fruit_fields, grunt_megastairs_3
Lair:2:   layout_gridlike, spider_nest_entry_a, chequers_serial_rivers_small_b,
          cheibrodos_lair_reptile_den, serial_bayou_shore_b,
          serial_bayou_shore_a, uniq_erica
Lair:3:   layout_chaotic_city, minmay_swamp_entry_eels, guppyfry_lair_drakes,
          uniq_amaemon, uniq_fannar
Lair:4:   layout_misc_corridors, dpeg_slime_entry_enclosed,
          gauntlet_entry_generic, lemuel_oklob_altar, lemuel_fruit_tree
Lair:5:   hellmonk_lair_end_abyssal_woods, layout_gridlike, roderic_batcave,
          lemuel_fruit_fields, uniq_snorg
Swamp:1:  layout_basic_swamp, hangedman_swamp_blocks
Swamp:2:  layout_basic_swamp, gammafunk_ghost_hydra_chop,
          nicolae_swamp_dense_foliage
Swamp:3:  layout_basic_swamp, gammafunk_ghost_abyssal_escape,
          evilmike_swamp_ruin_rubble_2
Swamp:4:  grunt_swamp_rune_castle, layout_basic_swamp, swamp_pool3,
          nicolae_swamp_big_swirl
Spider:1: layout_cave_pods, hellmonk_motheaten_closet
Spider:2: layout_spider_delve, drop_trap, nicolae_spider_orb_run, uniq_louise,
          uniq_asterion
Spider:3: layout_cave_pods, hellmonk_ghost_happy_afterlife
Spider:4: hellmonk_spider_rune_endless_swarm, ebering_ghost_disaster_area,
          drop_trap, nicolae_spider_scorpion_nest, uniq_bai_suzhen
Orc:1:    layout_diamond_mine, serial_shops, shop, nicolae_shop_waterfront,
          nicolae_shop_waterfront, shop, mines1_david
Orc:2:    st_orc_town, layout_caves, mines1_david
Vaults:1: ontoclasm_vaults_ring_square, nicolae_vaults_network_s, v_misc_10,
          nicolae_vaults_ring_of_whatevers,
          vaults_room_grunt_arrival_checkpoint, v_misc_3, ontoclasm_vaults_spin,
          hangedman_vaults_locks, serial_ice_b, layout_vaults_maze_snakey,
          uniq_nikola
Vaults:2: hangedman_vaults_stream, v_misc_32, vaults_dpeg_encased_lava,
          nicolae_vaults_bisected_exclaves, vaults_room_fours,
          nicolae_vaults_yaktaur_gun_rack, special_room_vaults
          [special_room_orc], layout_vaults_omnigrid, serial_shops,
          nicolae_shop_bloodbath_and_beyond
Vaults:3: v_alt_pattern_6, hangedman_vaults_nails, vaults_room_fours,
          nicolae_vaults_big_ls, nicolae_vaults_little_squares_2,
          nicolae_vaults_specimen_jars, nicolae_vaults_c_with_doors,
          hangedman_vaults_stitches, v_misc_1, vaults_room_fancy_cross,
          vaults_dpeg_spiral, nicolae_vaults_asterisk,
          nicolae_vaults_shelves_hall, minmay_crypt_entry_simple_walls,
          vaults_dpeg_ring, layout_vaults_omnicross, uniq_saint_roka,
          uniq_margery
Vaults:4: vaults_room_glass_cross, vaults_room_corners,
          hangedman_vaults_variations, hangedman_vaults_pinch,
          nicolae_vaults_little_squares_5, dpeg_vaults_monster_row,
          vaults_room_pool, grunt_vaults_funnel, ontoclasm_vaults_eye,
          ontoclasm_vaults_ligature, ontoclasm_vaults_pinch,
          vaults_dpeg_diagonal, layout_vaults_omnibox
Vaults:5: uniq_jory, uniq_frederick
Depths:1: layout_honeycomb, enter_ziggurat_a, grunt_decor_one_mirror,
          grunt_mini_vestibule, kiku_gazebo_pond_becter
Depths:2: minmay_fractal_lines_corner, layout_cave_pools,
          pf_hell_entry_tar_river, bh_walls_and_bars, rand_demon_pan_entry_9,
          minmay_staircase_statues, minmay_shop_grove, uniq_sojobo
Depths:3: minmay_haunted_quarter, layout_long_grid, hellmouth_3,
          grunt_pan_entry_zigzag, minmay_stone_trees_small,
          abyss_entry_flame_altar, kennysheep_island_fort
Depths:4: grunt_zot_entry_bicorn, layout_gridlike, gammafunk_ghost_split,
          hangedman_abyss_or_decor_clamps, hell_entry
Zot:1:    lemuel_firehouse, layout_onion

Skill      XL: |  1  2  3  4  5  6  7  8  9 10 11 12 13 14 15 16 17 18 19 20 21 22 23 24 |
---------------+-------------------------------------------------------------------------+-----
Axes           | 2 3 5 6 7 8 9 10 11 12 14 16 17 18 | 18.0
Fighting       | 4 6 7 8 9 10 11 12 13 15 17 18 19 21 22 24 | 24.2
Dodging        | 2 3 4 5 6 7 8 |  8.0
Invocations    | 2 4 6 10 | 10.0
Throwing       | 1 4 5 6 7 8 9 10 12 | 12.3
Armour         | 6 7 9 10 11 13 15 16 18 19 20 22 | 22.0
Shields        | 4 5 6 7 8 14 17 18 19 20 21 22 | 22.0

Action                   |  1- 3 |  4- 6 |  7- 9 | 10-12 | 13-15 | 16-18 | 19-21 | 22-24 | 25-27 || total
-------------------------+-------+-------+-------+-------+-------+-------+-------+-------+-------++-------
Melee: War axe           |    99 |   117 |   296 |   253 |       |    28 |       |       |       ||   793
       Broad axe         |       |       |       |   252 |   774 |  1347 |  1313 |  1585 |     5 ||  5276
       Demon whip        |       |       |       |       |    37 |       |       |       |       ||    37
Throw: Boomerang         |       |       |    43 |    90 |    64 |   180 |    19 |    46 |       ||   442
       Javelin           |       |       |       |       |    43 |    26 |    86 |    48 |       ||   203
Invok: Heroism           |       |       |    17 |    26 |    37 |    64 |    39 |    59 |       ||   242
       Finesse           |       |       |       |     1 |    13 |    15 |     6 |    19 |       ||    54
  Use: Scroll            |     4 |    11 |     6 |     9 |     6 |     9 |     6 |     9 |     1 ||    61
       Potion            |       |     3 |     1 |     2 |     9 |     2 |     4 |     4 |       ||    25
 Stab: Distracted        |       |       |       |       |       |     1 |     1 |       |       ||     2
Armor: Scale mail        |    58 |    46 |   157 |       |       |       |       |       |       ||   261
       Chain mail        |       |       |     6 |    77 |       |       |       |       |       ||    83
       Plate armour      |       |       |       |   195 |   282 |   602 |   284 |   210 |    28 ||  1601
       Gold dragon scale |       |       |       |       |       |       |       |   246 |       ||   246
Dodge: Dodged            |    50 |    54 |   164 |   189 |   364 |   609 |   357 |   436 |    22 ||  2245
Block: Buckler           |    15 |    29 |    75 |   128 |   304 |    15 |       |       |       ||   566
       Reflection        |       |       |       |       |    10 |    22 |    66 |    97 |       ||   195
       Tower shield      |       |       |       |       |       |  1514 |  1305 |  1540 |    27 ||  4386

Table legend:
 A = Non-vault XP
 B = Vault XP
 C = Vault XP percentage of total XP
 D = Non-vault monster count
 E = Vault monster count
 F = Vault count percentage of total count
                 A         B        C        D         E       F
            +---------+---------+-------+---------+---------+-------
      Total |  548286 |  419108 |  43.3 |    1244 |     658 |  34.6
            +---------+---------+-------+---------+---------+-------
        D:1 |      18 |       0 |   0.0 |      12 |       0 |   0.0
        D:2 |      32 |       0 |   0.0 |      18 |       0 |   0.0
        D:3 |     181 |       0 |   0.0 |      16 |       0 |   0.0
        D:4 |     324 |       0 |   0.0 |      18 |       0 |   0.0
        D:5 |     957 |       0 |   0.0 |      12 |       0 |   0.0
        D:6 |    1456 |       0 |   0.0 |      29 |       0 |   0.0
        D:7 |    1241 |      84 |   6.3 |      28 |       2 |   6.7
        D:8 |    2310 |       0 |   0.0 |      16 |       0 |   0.0
        D:9 |    2269 |     784 |  25.7 |      22 |      28 |  56.0
       D:10 |    1763 |    1435 |  44.9 |      18 |       1 |   5.3
       D:11 |    3252 |     548 |  14.4 |      18 |       2 |  10.0
       D:12 |    8426 |       0 |   0.0 |      18 |       0 |   0.0
       D:13 |    5927 |    3335 |  36.0 |      18 |       9 |  33.3
       D:14 |    9651 |    6888 |  41.6 |      19 |      12 |  38.7
       D:15 |   10080 |    4191 |  29.4 |      18 |       6 |  25.0
     Lair:1 |    1240 |     145 |  10.5 |       7 |       1 |  12.5
     Lair:2 |    4243 |    1329 |  23.9 |      21 |       8 |  27.6
     Lair:3 |    7256 |    2873 |  28.4 |      30 |      11 |  26.8
     Lair:4 |   12139 |     602 |   4.7 |      31 |       1 |   3.1
     Lair:5 |   11974 |   11858 |  49.8 |      32 |      46 |  59.0
    Swamp:1 |   10286 |       0 |   0.0 |      28 |       0 |   0.0
    Swamp:2 |    5878 |       0 |   0.0 |      13 |       0 |   0.0
    Swamp:3 |   13036 |       0 |   0.0 |      23 |       0 |   0.0
    Swamp:4 |   10487 |   23474 |  69.1 |      23 |      34 |  59.6
   Spider:1 |   13976 |    2366 |  14.5 |      38 |       2 |   5.0
   Spider:2 |   15020 |    7973 |  34.7 |      35 |      11 |  23.9
   Spider:3 |   16258 |       0 |   0.0 |      37 |       0 |   0.0
   Spider:4 |   15780 |   30008 |  65.5 |      38 |      51 |  57.3
      Orc:1 |    5689 |     624 |   9.9 |      54 |       2 |   3.6
      Orc:2 |    5502 |    7874 |  58.9 |      53 |      56 |  51.4
   Vaults:1 |   14468 |   30617 |  67.9 |      28 |      37 |  56.9
   Vaults:2 |   38696 |   18604 |  32.5 |      54 |      43 |  44.3
   Vaults:3 |   23796 |   67901 |  74.0 |      41 |      91 |  68.9
   Vaults:4 |   53977 |   71266 |  56.9 |      77 |      76 |  49.7
   Vaults:5 |   19774 |   47362 |  70.5 |      34 |      41 |  54.7
   Depths:1 |   37186 |    4569 |  10.9 |      47 |       5 |   9.6
   Depths:2 |   33374 |   23238 |  41.0 |      36 |      19 |  34.5
   Depths:3 |   41842 |   24893 |  37.3 |      56 |      36 |  39.1
   Depths:4 |   40582 |   18842 |  31.7 |      51 |      14 |  21.5
      Zot:1 |   11149 |       0 |   0.0 |      10 |       0 |   0.0
    Abyss:3 |   36791 |    1540 |   4.0 |      67 |       1 |   1.5
   Gauntlet |       0 |    3885 | 100.0 |       0 |      12 | 100.0
            +---------+---------+-------+---------+---------+-------
